Cogmind - Beta 9.4 @@@ ROGUE MODE // 2020.01.18 @ 22:58:18 // Winter2019/RPGLIKE Player: Rumbl3 Result: Destroyed by Tracker with Linked Autogun Performance ------------- Evolutions (8) 4000 Regions Visited (32) 6400 Robots Destroyed (250) 1250 Value Destroyed (11125) 11125 Prototype IDs (70) 1400 Alien Tech Used (11) 2200 Bonus (22393) 22393 TOTAL SCORE: 48768 Bonus ------- Triggered Max Security 1000 High Alert Combat Kills 1538 Follower Combat Kills 2548 Network Hubs Disabled 200 Met Data Miner 300 Met Imprinter 300 Met Zhirov 300 Met Warlord at Base 500 MAIN.C Attacked Warlord 500 Warlord Defense Kill 630 Built Enhanced Grunts 300 A7 Reached Mainframe 300 Met R17 at Cetus 500 Read Decrypted Archives 300 Used Core Reset Matrix 3000 Hacked Protovariant 500 Met R17 at Research 2000 Met Warlord at Research 2000 Scanned by Researcher 1000 Pursued by Intercept 500 Met Sigix 2000 Activated Exoskeleton 3000 Friendly Fire -823 Cogmind --------- Core Integrity 0/1500 Matter 290/300 Energy 689/700 System Corruption 1% Temperature Cool (0) Movement Core (200) Ox3 Location -2/Section 7 Parts ------- > --- POWER (3) -------- Vortex Chain Reactor > --- PROPULSION (5) --- Improved Linear Gravjet Improved Linear Gravjet Improved Linear Gravjet Cooled Antigrav System Cooled Linear Gravjet > --- UTILITY (13) ----- Advanced Coolant Injector Makeshift Sensor Array Advanced Signal Interpreter Advanced Terrain Scanner Experimental Targeting Computer Experimental Targeting Computer Advanced Core Analyzer Energy Filter Improved Stasis Canceller Advanced Reaction Control System Centrium Medium Armor Plating Experimental Shield Generator > --- WEAPON (5) ------- Sigix Quantum Sheargun Molecular Deconstructor Sigix Broadsword > --- INVENTORY (8) ---- Protomatter-46 Transdimensional Reconstructor Stasis Generator Vortex Rifle Sigix Quantum Sheargun Improved KE Penetrator Improved KE Penetrator Neutron Missile Launcher Peak State ------------ > --- POWER ------------ Vortex Chain Reactor > --- PROPULSION ------- Improved Linear Gravjet Improved Linear Gravjet Improved Linear Gravjet Cooled Antigrav System Cooled Linear Gravjet > --- UTILITY ---------- Advanced Coolant Injector Makeshift Sensor Array Advanced Signal Interpreter Advanced Terrain Scanner Experimental Targeting Computer Experimental Targeting Computer Advanced Core Analyzer Energy Filter Improved Stasis Canceller Advanced Reaction Control System Centrium Medium Armor Plating Experimental Shield Generator Stasis Generator > --- WEAPON ----------- Sigix Quantum Sheargun Molecular Deconstructor Sigix Broadsword > --- INVENTORY -------- Protomatter Transdimensional Reconstructor Transdimensional Reconstructor Vortex Rifle Sigix Quantum Sheargun Improved KE Penetrator Improved KE Penetrator Neutron Missile Launcher [Rating: 215] Favorites ----------- Power Vortex Chain Reactor Engine Improved Deuterium Engine Reactor Vortex Chain Reactor Propulsion Improved Linear Gravjet Leg Aluminum Leg Wheel Compact Wheel Hover Unit Improved Linear Gravjet Flight Unit Impulse Thruster Array Utility Experimental Targeting Computer Device Advanced Terrain Scanner Processor Experimental Targeting Computer Hackware System Mapper Protection Centrium Medium Armor Plating Artifact Stasis Generator Weapon Molecular Deconstructor Energy Gun Heavy Beamcaster Ballistic Gun Gauss Rifle Launcher Heavy Rocket Launcher Special Weapon Molecular Deconstructor Impact Weapon Mace Slashing Weapon Phasing Sabre Piercing Weapon Plasma Lance Build | -11 -10 -10 -10 -9 -8 -7 -7 -7 -7 -7 -7 -6 -6 -6 -6 -6 -5 -5 -5 -5 -5 -4 -4 -4 -4 -4 -4 -3 -3 -2 -2 -2 ------- Run | Scr Mat Min Exi Min Mat Fac Was Fac Low Low Dat Pro Fac Low Low Zio Pro Fac Upp Upp War Pro Fac Ext Cet Arc Hub Res Tes Res Qua Sec Slots Evolved 20 | 3 . . . . 2 . 2 . 1 . . . 2 . . 1 . 2 . . 1 . 2 1 . . . . . 1 1 1 Power 1 | . . . . . . . . . . . . . . . . 1 . . . . . . . . . . . . . . . . Propulsion 4 | 1 . . . . . . . . . . . . 1 . . . . . . . 1 . . . . . . . . . . 1 Utility 12 | 1 . . . . 1 . 2 . 1 . . . 1 . . . . 2 . . . . 2 1 . . . . . 1 . . Weapon 3 | 1 . . . . 1 . . . . . . . . . . . . . . . . . . . . . . . . . 1 . Parts Attached 238 | 5 3 1 . 6 7 . 8 6 8 . . 2 8 7 4 6 3 32 3 6 14 10 12 19 16 . 5 10 8 13 9 7 Power 11 | . . . . 2 . . 1 1 . . . . . 2 . 2 . 1 . 1 1 . . . . . . . . . . . Engine 8 | . . . . 2 . . . 1 . . . . . 1 . 2 . 1 . 1 . . . . . . . . . . . . Core . | . . . . . . . . . . . . . . . . . . . . . . . . . . . . . . . . . Reactor 3 | . . . . . . . 1 . . . . . . 1 . . . . . . 1 . . . . . . . . . . . Propulsion 35 | 2 2 1 . 2 . . . 1 . . . . 3 . . . . 1 . . 3 . 2 5 3 . . 6 . 3 . 1 Treads . | . . . . . . . . . . . . . . . . . . . . . . . . . . . . . . . . . Leg . | . . . . . . . . . . . . . . . . . . . . . . . . . . . . . . . . . Wheel 2 | 2 . . . . . . . . . . . . . . . . . . . . . . . . . . . . . . . . Hover 30 | . 2 1 . 2 . . . 1 . . . . 3 . . . . 1 . . 2 . 2 5 3 . . 4 . 3 . 1 Flight 3 | . . . . . . . . . . . . . . . . . . . . . 1 . . . . . . 2 . . . . Utility 83 | 2 1 . . 1 1 . 5 2 5 . . . 3 1 1 2 . 15 1 . 4 1 6 5 3 . 4 . 2 7 6 5 Device 59 | 1 . . . 1 1 . 4 1 3 . . . 3 . 1 1 . 10 1 . 3 1 6 4 2 . 3 . 2 6 3 2 Storage . | . . . . . . . . . . . . . . . . . . . . . . . . . . . . . . . . . Processor 10 | 1 1 . . . . . . . 1 . . . . 1 . 1 . 3 . . . . . 1 . . . . . 1 . . Hackware 1 | . . . . . . . . . . . . . . . . . . . . . 1 . . . . . . . . . . . Protection 8 | . . . . . . . 1 1 1 . . . . . . . . 2 . . . . . . 1 . 1 . . . . 1 Artifact 5 | . . . . . . . . . . . . . . . . . . . . . . . . . . . . . . . 3 2 Weapon 109 | 1 . . . 1 6 . 2 2 3 . . 2 2 4 3 2 3 15 2 5 6 9 4 9 10 . 1 4 6 3 3 1 Energy Gun 11 | 1 . . . . 2 . . 1 . . . . . . . 1 . 1 . . 2 1 . . 1 . . . . . . 1 Energy Cannon . | . . . . . . . . . . . . . . . . . . . . . . . . . . . . . . . . . Ballistic Gun 38 | . . . . 1 2 . 1 1 2 . . . 1 2 1 . 1 10 . 1 2 3 2 3 3 . . 1 1 . . . Ballistic Cannon . | . . . . . . . . . . . . . . . . . . . . . . . . . . . . . . . . . Launcher 19 | . . . . . . . . . . . . 1 . 1 1 . 1 . 1 2 1 2 . 4 2 . . 1 1 1 . . Special Weapon 5 | . . . . . . . . . . . . . . . . . . . . 1 . . . . 2 . . . 2 . . . Impact Weapon 1 | . . . . . 1 . . . . . . . . . . . . . . . . . . . . . . . . . . . Slashing Weapon 33 | . . . . . 1 . 1 . 1 . . 1 1 1 1 1 1 3 1 1 1 3 2 2 2 . 1 2 2 2 2 . Piercing Weapon 2 | . . . . . . . . . . . . . . . . . . 1 . . . . . . . . . . . . 1 . Special Melee Weapon . | . . . . . . . . . . . . . . . . . . . . . . . . . . . . . . . . . Unidentified Prototypes 26 | . . . . . . . . . . . . . 1 . . . . 1 1 1 8 . 1 . 1 . 1 1 3 4 3 . Parts Lost 4 | . . . . 1 1 . . . . . . . . . . . . 1 . . . . 1 . . . . . . . . . Power . | . . . . . . . . . . . . . . . . . . . . . . . . . . . . . . . . . Propulsion 1 | . . . . 1 . . . . . . . . . . . . . . . . . . . . . . . . . . . . Utility 2 | . . . . . . . . . . . . . . . . . . 1 . . . . 1 . . . . . . . . . Weapon 1 | . . . . . 1 . . . . . . . . . . . . . . . . . . . . . . . . . . . Highest Loss Streak 1 | . . . . 1 1 . . . . . . . . . . . . 1 . . . . 1 . . . . . . . . . Average Slot Usage (%) 94 | . 99 99 100 97 99 100 95 100 100 100 100 100 100 100 100 100 100 98 100 94 89 88 88 90 92 90 90 89 89 88 88 82 Engine 5 | . 14 14 14 14 11 11 3 5 8 8 8 8 7 6 7 11 13 12 11 11 2 . . . . . . . . . . . Reactor 2 | . . . . . . . 6 3 . . . . . . . . . . . . 3 5 5 4 4 4 4 4 4 4 4 3 Hover 19 | . 8 27 28 26 22 22 18 18 16 16 16 16 18 21 21 20 20 18 17 17 20 22 20 19 19 19 19 18 19 18 17 16 Device 29 | . 14 14 14 14 22 22 29 33 26 33 33 33 35 35 35 33 33 28 23 23 22 22 28 35 33 33 33 33 33 32 33 28 Processor 16 | . 13 14 14 14 11 11 9 9 12 16 16 16 14 14 14 13 13 15 23 23 22 22 20 19 19 19 19 19 19 18 17 16 Protection 2 | . . . . . . . . 2 8 . . . . . . . . 3 5 5 1 . . . 3 4 4 4 4 4 4 3 Energy Gun 4 | . 14 14 14 4 10 11 9 9 8 8 8 8 7 7 7 6 6 5 5 . . . . . . . . . . . . . Ballistic Gun 7 | . 14 14 14 22 21 22 9 13 16 16 16 8 7 9 10 6 6 9 5 2 3 1 1 3 3 4 1 . 1 . . . Special Weapon 1 | . . . . . . . . . . . . . . . . . . . . 4 5 5 5 4 1 4 4 4 3 4 4 3 Slashing Weapon 2 | . . . . . . . 9 3 . . . 1 6 3 3 6 4 2 4 . 1 1 3 . 2 . 2 3 2 4 4 3 Naked Turns . | . . . . . . . . . . . . . . . . . . . . . . . . . . . . . . . . . Heaviest Build 90 | 10 10 10 10 11 16 16 61 34 37 26 26 27 28 32 29 37 40 48 47 47 61 61 65 72 79 72 72 72 78 80 83 90 Greatest Support 97 | 37 37 17 17 49 49 49 49 49 38 38 38 38 52 39 39 52 52 52 52 52 72 72 73 74 79 79 79 89 79 84 93 97 Greatest Overweight (x) 3 | . . . . . . . 1 . . . . . 1 . . . . 1 . . 3 . . 1 1 . . 3 . 1 . 1 Average Overweight (x) . | . . . . . . . . . . . . . . . . . . . . . . . . . . . . . . . . . Largest Inventory Capacity 8 | 2 2 2 2 3 4 4 4 4 4 4 4 4 4 4 4 4 4 6 7 7 7 7 7 7 7 7 7 7 7 8 8 8 Average Capacity 5 | 2 2 2 2 2 3 4 4 4 4 4 4 4 4 4 4 4 4 4 6 7 7 7 7 7 7 7 7 7 7 7 8 8 Most Carried 8 | 2 2 2 2 3 4 2 4 4 4 4 4 4 4 4 4 4 4 6 7 7 7 7 7 7 7 7 7 7 7 8 8 8 Average Carried 5 | 1 1 2 2 2 2 2 3 4 3 4 4 4 3 4 3 4 4 4 6 6 6 7 6 6 6 7 7 6 7 7 7 7 Final Capacity 8 | 2 2 2 2 3 4 4 4 4 4 4 4 4 4 4 4 4 4 6 7 7 7 7 7 7 7 7 7 7 7 8 8 8 Final Carried 8 | 2 2 2 2 3 2 2 4 4 4 4 4 4 4 4 4 4 4 6 7 7 7 7 7 7 7 7 7 7 7 8 8 8 Class Distribution -------------------- 28% | Hauler-Scout 20% | Scavenger-Scout 16% | Derelict-Scout 9% | Hacker-Scout 6% | Scout 6% | Scavenger-Mutant 3% | Alien-Scout Dominant Class ---------------- Mutant | -10/Materials Scavenger-Mutant | -10/Mines Scavenger-Mutant | -10/Exiles Scavenger-Mutant | -9/Mines Scavenger-Scout | -8/Materials Scavenger-Scout | -7/Factory Scavenger-Scout | -7/Waste Scavenger-Scout | -7/Factory Scavenger-Scout | -7/Lower Caves Scavenger-Scout | -7/Lower Caves Scavenger-Scout | -7/Data Miner Scavenger-Scout | -6/Proximity Caves Scout | -6/Factory Scout | -6/Lower Caves Derelict-Scout | -6/Lower Caves Derelict-Scout | -6/Zion Derelict-Scout | -5/Proximity Caves Derelict-Scout | -5/Factory Hauler-Scout | -5/Upper Caves Hauler-Scout | -5/Upper Caves Hacker-Scout | -5/Warlord Hacker-Scout | -4/Proximity Caves Hacker-Scout | -4/Factory Commander-Sprinter | -4/Extension Commander-Scout | -4/Cetus Commander-Scout | -4/Archives Hauler-Scout | -4/Hub_04(d) Hauler-Scout | -3/Research Hauler-Scout | -3/Testing Hauler-Scout | -2/Research Hauler-Scout | -2/Quarantine Alien-Scout | -2/Section 7 Resources | -11 -10 -10 -10 -9 -8 -7 -7 -7 -7 -7 -7 -6 -6 -6 -6 -6 -5 -5 -5 -5 -5 -4 -4 -4 -4 -4 -4 -3 -3 -2 -2 -2 ----------- Run | Scr Mat Min Exi Min Mat Fac Was Fac Low Low Dat Pro Fac Low Low Zio Pro Fac Upp Upp War Pro Fac Ext Cet Arc Hub Res Tes Res Qua Sec Matter Collected 5838 | 218 50 105 . 156 215 . 90 90 277 77 . 48 146 237 152 60 134 540 202 139 290 294 271 452 233 . 201 246 195 270 165 285 Remotely . | . . . . . . . . . . . . . . . . . . . . . . . . . . . . . . . . . Salvage Created 11972 | 74 111 67 . 140 541 . 846 190 151 139 . 55 259 295 3 . 576 759 288 249 154 521 389 735 38 117 1868 524 597 748 479 1059 Parts 578 | 9 17 5 . 6 30 . 10 5 12 4 . 2 16 17 7 . 15 43 14 20 8 35 31 36 2 6 65 28 25 29 36 45 Haulers Intercepted 10 | . 1 . . . . . . . . . . . 1 . . . . . 1 . . . . . . . 4 . . 3 . . Recyclers Shooed 1 | . 1 . . . . . . . . . . . . . . . . . . . . . . . . . . . . . . . Parts Field Recycled . | . . . . . . . . . . . . . . . . . . . . . . . . . . . . . . . . . Retrieved Matter . | . . . . . . . . . . . . . . . . . . . . . . . . . . . . . . . . . Parts Self-Destructed 177 | . . . . . . . . . 19 9 . . . 18 6 . 11 . 8 25 52 29 . . . . . . . . . . Prevented 17 | . . . . . . . . . . . . . . . . . . . . 1 16 . . . . . . . . . . . Kills | -11 -10 -10 -10 -9 -8 -7 -7 -7 -7 -7 -7 -6 -6 -6 -6 -6 -5 -5 -5 -5 -5 -4 -4 -4 -4 -4 -4 -3 -3 -2 -2 -2 ------- Run | Scr Mat Min Exi Min Mat Fac Was Fac Low Low Dat Pro Fac Low Low Zio Pro Fac Upp Upp War Pro Fac Ext Cet Arc Hub Res Tes Res Qua Sec Combat Hostiles Destroyed 178 | . 3 3 . 7 11 . . 2 6 3 . 3 5 12 5 . 4 11 10 6 5 16 7 15 1 1 10 6 5 5 5 11 Melee 15 | . . . . . . . . . . . . . . . . . . . . . . . . . . . . . . 2 4 9 Guns 77 | . 3 3 . 7 11 . . 2 6 3 . . 2 8 2 . 3 11 3 . 4 . . 3 . 1 2 1 2 . . . AOE 44 | . . . . . . . . . . . . 3 3 4 3 . 1 . 7 3 . 8 1 9 . . 2 . . . . . Classes Destroyed 20 | 2 3 . . 4 1 . . 2 . . . . 2 . . . . 1 . . 4 . . . . . . . 1 . . . Worker 18 | . . . . . . . . 1 . . . . 1 . . . . 1 . . . . 1 . . . 13 . 1 . . . Builder 6 | . . . . . . . . . . . . . . . . . . 1 . . . . . . . . 3 2 . . . . Tunneler 5 | 1 . . . . . . . . . . . . 1 . . . . . . . . . . . . . 1 . . 2 . . Hauler 10 | . 1 . . . . . . . . . . . 1 . . . . . 1 . . . . . . . 4 . . 3 . . Recycler 6 | 1 . . . . . . . . . . . . . . . . . . . . . . . 1 . . 4 . . . . . Operator 6 | . . . . . . . . . . . . . 2 . . . . 1 . . . . . . . . 1 . . 1 1 . Watcher 13 | . 3 . . . . . . . . . . . . . . . . 2 . . . . 1 1 1 . 1 . . 1 2 1 Swarmer 48 | . 3 3 . . . . . . . . . 3 3 4 3 . . . 5 3 . 9 . 9 . . . . . . . 3 Saboteur 1 | . . . . . . . . . . . . . . . . . . . . . 1 . . . . . . . . . . . Grunt 54 | . . . . 3 8 . . . 4 2 . . 1 4 . . . 5 5 . . 4 . 4 . 1 5 1 4 3 . . Brawler 2 | . . . . 1 . . . . . 1 . . . . . . . . . . . . . . . . . . . . . . Duelist 5 | . . . . 1 . . . . 1 . . . . . . . . . . . . 1 . . . . 1 . 1 . . . Protector 2 | . . . . . . . . . . . . . . . . . . . . . 2 . . . . . . . . . . . Researcher 5 | . . . . . . . . . . . . . . . . . . . . . . . . . . . . . 2 . . 3 Sentry 28 | . . . . . 3 . . 1 . . . . . . 1 . . 4 . . . . 4 2 . . 4 5 . . 1 3 Hunter 18 | . . . . . . . . 1 1 . . . . . . . 2 2 . 3 . 2 2 . . . . . . 1 2 2 Programmer 9 | . . . . . . . . . . . . . 1 1 1 . 2 . . . . . 1 . . . . . . . 2 1 Behemoth 1 | . . . . . . . . . . . . . . . . . . . . . 1 . . . . . . . . . . . Cetus Guard 1 | . . . . . . . . . . . . . . . . . . . . . . . . . 1 . . . . . . . S7 Guard 1 | . . . . . . . . . . . . . . . . . . . . . . . . . . . . . . . . 1 Investigator 1 | . . . . . . . . . . . . . . . . . . . . . . . . . . . . . 1 . . . Executioner 2 | . . . . . . . . . . . . . . . . . . . . . 1 . . . . . . . . . . 1 Decomposer 1 | . . . . . . . . . . . . . . . 1 . . . . . . . . . . . . . . . . . Assembled 5 | . . . . 2 . . . . . . . . . 3 . . . . . . . . . . . . . . . . . . Thug 1 | . . . . . . . . . . . . . . . . . . . . . . . . . . . . . . 1 . . Savage 1 | . . . . . . . . . . . . . . . . . . . . . . . . . . 1 . . . . . . Best Kill Streak 28 | 2 5 4 . 2 3 . . 2 5 3 . 3 4 4 3 . 2 6 11 3 2 6 2 7 2 1 28 2 6 3 2 3 Combat Bots Only 10 | . 3 3 . 2 3 . . 1 5 3 . 3 3 4 3 . 2 6 10 3 2 6 2 6 1 1 4 2 4 2 2 3 Max Kills in Single Turn 26 | 1 1 1 . 1 1 . . 2 1 1 . 2 4 3 1 . 1 1 4 3 1 4 1 5 1 1 26 1 1 1 1 1 Gunslinging . | . . . . . . . . . . . . . . . . . . . . . . . . . . . . . . . . . Exploded 5 | . . . . . . . . . . . . 2 3 3 1 . 1 . 4 3 . 4 1 5 . . 2 . . . . . Melee 1 | . . . . . . . . . . . . . . . . . . . . . . . . . . . . . . 1 1 1 Uniques/NPCs Destroyed . | . . . . . . . . . . . . . . . . . . . . . . . . . . . . . . . . . Combat | -11 -10 -10 -10 -9 -8 -7 -7 -7 -7 -7 -7 -6 -6 -6 -6 -6 -5 -5 -5 -5 -5 -4 -4 -4 -4 -4 -4 -3 -3 -2 -2 -2 -------- Run | Scr Mat Min Exi Min Mat Fac Was Fac Low Low Dat Pro Fac Low Low Zio Pro Fac Upp Upp War Pro Fac Ext Cet Arc Hub Res Tes Res Qua Sec Damage Taken 15798 | . 131 35 . 1204 901 . . 228 614 211 . 30 337 550 188 . 148 1164 84 235 760 1100 494 1249 72 17 324 732 952 641 534 2863 Core 12298 | . 108 30 . 999 724 . . 161 443 172 . 23 281 445 143 . 115 943 65 169 616 882 411 995 56 13 222 544 702 471 391 2174 Absorbed by Shields 1699 | . . . . . . . . . . . . . . . . . . . . . . . . 286 . . . . 239 280 96 798 Redirected to Core 10452 | . 63 16 . 712 595 . . 143 312 137 . 23 191 370 131 . 115 737 65 150 526 746 282 887 56 13 222 472 601 417 391 2079 Core Remaining (%) 74 | 100 . . . 61 32 . . . . . . 97 . . . . 84 . . . . 51 . . . . 95 . 76 . . . Volleys Fired 501 | 3 18 8 . 26 40 . . 6 23 10 . 3 10 25 12 . 7 48 9 9 25 22 21 34 3 9 20 23 15 28 13 31 Largest 3 | 2 2 2 . 2 3 . . 3 3 3 . 1 3 3 3 . 3 3 3 2 2 2 2 2 2 1 2 2 2 1 1 2 Hottest 164 | 60 60 60 . 60 108 . . 164 142 132 . 33 142 148 142 . 148 144 150 39 30 40 30 39 81 35 35 35 35 . . 100 Shots Fired 976 | 6 36 16 . 52 120 . . 18 68 30 . 3 23 62 28 . 21 128 18 15 35 38 30 61 6 9 30 25 25 28 13 32 Gun 734 | 6 36 16 . 52 120 . . 18 68 30 . . 23 60 24 . 16 128 13 5 25 16 9 30 3 9 12 2 10 . . 3 Cannon . | . . . . . . . . . . . . . . . . . . . . . . . . . . . . . . . . . Launcher 32 | . . . . . . . . . . . . 3 . 2 4 . 5 . 5 1 . 6 . 3 3 . . . . . . . Special 210 | . . . . . . . . . . . . . . . . . . . . 9 10 16 21 28 . . 18 23 15 28 13 29 Kinetic 515 | 3 18 8 . 50 80 . . 9 45 20 . . 13 39 16 . 9 82 8 5 25 10 9 30 3 9 12 2 10 . . . Thermal 176 | . . . . . 40 . . 6 23 10 . . 10 21 8 . 7 46 5 . . . . . . . . . . . . . Explosive 29 | . . . . . . . . . . . . 3 . 2 4 . 5 . 5 1 . 6 . 3 . . . . . . . . Electromagnetic 37 | 3 18 8 . 2 . . . 3 . . . . . . . . . . . . . . . . 3 . . . . . . . Slashing 3 | . . . . . . . . . . . . . . . . . . . . . . . . . . . . . . . . 3 Entropic 6 | . . . . . . . . . . . . . . . . . . . . . . 6 . . . . . . . . . . Robot Hit Streak 55 | 3 3 5 . 11 11 . . 9 5 9 . 2 10 16 8 . 4 12 17 16 16 13 17 31 14 7 29 54 55 33 4 8 Robot Miss Streak 5 | 1 5 4 . 3 3 . . 2 4 1 . 1 1 3 2 . 1 3 1 1 2 1 3 1 1 1 . . 1 5 1 3 Penetration Max 1 | . . . . . . . . . . . . . 1 . . . . 1 . . 1 . . 1 . . 1 . 1 . . 1 Secondary Targets 12 | . 1 . . 2 2 . . . 2 1 . . 1 2 . . . 1 . . . . . . . . . . . . . . Max Gunslinging Chain 1 | . 1 . . 1 1 . . . 1 1 . . 1 1 . . . 1 . . . . . . . . . . . . . . Shots Hit Robots 837 | 3 14 8 . 38 86 . 44 11 36 24 . 2 21 39 18 . 22 87 16 15 29 34 25 56 6 7 29 29 25 40 22 51 Core Hits 381 | 3 8 3 . 11 31 . 7 5 14 8 . 5 14 19 8 . 14 40 17 7 13 14 4 25 6 4 53 4 9 10 10 15 Critical Hits 19 | . . . . . . . 1 1 1 . . . . 1 . . . . . . 2 . 1 . 1 1 1 . 2 . 1 6 Critical Kills 7 | . . . . . . . . . . . . . . 1 . . . . . . 2 . . . . 1 . . 1 . . 2 Critical Parts Destroyed 7 | . . . . . . . . 1 1 . . . . . . . . . . . . . 1 . . . . . 1 . . 3 Melee Attacks 400 | . . . . . 5 . 44 4 1 . . 2 19 3 2 . 23 11 5 2 4 5 14 3 5 . 7 23 28 48 44 98 Impact 2 | . . . . . 2 . . . . . . . . . . . . . . . . . . . . . . . . . . . Slashing 398 | . . . . . 3 . 44 4 1 . . 2 19 3 2 . 23 11 5 2 4 5 14 3 5 . 7 23 28 48 44 98 Piercing . | . . . . . . . . . . . . . . . . . . . . . . . . . . . . . . . . . Sneak Attacks 22 | . . . . . . . . . . . . . 3 . . . . 1 1 . . . 1 . . . . 3 3 6 . 4 Combat Hostiles 1 | . . . . . . . . . . . . . . . . . . . . . . . . . . . . . . . . 1 Follow-up Attacks . | . . . . . . . . . . . . . . . . . . . . . . . . . . . . . . . . . Damage Inflicted 31071 | 43 252 95 . 446 1023 . 2432 257 899 453 . 221 1413 1070 746 . 1704 2205 1443 630 700 1249 490 1408 510 215 3453 572 821 1808 845 3668 Guns 10807 | 43 205 95 . 436 1023 . . 257 794 453 . . 447 823 369 . 215 2091 273 91 700 466 157 733 54 215 362 47 361 . . 97 Cannons . | . . . . . . . . . . . . . . . . . . . . . . . . . . . . . . . . . Explosions 7950 | . 47 . . . . . . . . . . 221 600 247 377 . 143 . 984 263 . 783 147 621 426 . 3091 . . . . . Melee 12304 | . . . . . . . 2432 . 105 . . . 366 . . . 1346 114 186 276 . . 186 54 30 . . 525 460 1808 845 3571 Ramming 10 | . . . . 10 . . . . . . . . . . . . . . . . . . . . . . . . . . . . Kinetic 7253 | 30 49 48 . 413 507 . . 153 497 246 . . 241 448 251 . 115 1152 146 91 700 237 157 733 54 215 362 47 361 . . . Thermal 3746 | . 47 . . . 516 . . 67 297 207 . . 806 375 118 . 100 939 127 . . . 147 . . . . . . . . . Explosive 3639 | . . . . . . . . . . . . 221 . 247 377 . 143 . 984 263 . 783 . 621 . . . . . . . . Electromagnetic 3793 | 13 156 47 . 23 . . . 37 . . . . . . . . . . . . . . . . 426 . 3091 . . . . . Impact . | . . . . . . . . . . . . . . . . . . . . . . . . . . . . . . . . . Slashing 12401 | . . . . . . . 2432 . 105 . . . 366 . . . 1346 114 186 276 . . 186 54 30 . . 525 460 1808 845 3668 Piercing . | . . . . . . . . . . . . . . . . . . . . . . . . . . . . . . . . . Entropic 229 | . . . . . . . . . . . . . . . . . . . . . . 229 . . . . . . . . . . Highest Corruption 3 | . . . . . . 1 1 3 3 3 3 3 . 1 2 2 1 . . . 1 1 1 2 2 2 2 1 1 . 2 1 Average Corruption 1 | . . . . . . 1 1 1 3 3 3 3 . 1 1 2 1 . . . 1 1 1 1 2 2 2 1 1 . 1 1 Corruption Purged . | . . . . . . . . . . . . . . . . . . . . . . . . . . . . . . . . . Effects 61 | . . . . . . . . 3 16 9 1 3 . 1 1 . . . . . . 1 . 4 3 2 8 1 . . 4 4 Message Errors 23 | . . . . . . . . 2 3 5 . 2 . . . . . . . . . . . 1 . 1 4 1 . . 2 2 Matter Fused 7 | . . . . . . . . . 5 1 . 1 . . . . . . . . . . . . . . . . . . . . Heat Flow Errors 4 | . . . . . . . . . 1 . . . . . 1 . . . . . . . . 1 1 . . . . . . . Energy Discharges 6 | . . . . . . . . . 2 . . . . . . . . . . . . 1 . . 1 1 1 . . . . . Data Loss (minor) 7 | . . . . . . . . . 1 1 1 . . . . . . . . . . . . 1 . . . . . . 2 1 Targeting Errors 12 | . . . . . . . . 1 3 2 . . . 1 . . . . . . . . . 1 1 . 3 . . . . . Weapon Failures 2 | . . . . . . . . . 1 . . . . . . . . . . . . . . . . . . . . . . 1 Overload Shots . | . . . . . . . . . . . . . . . . . . . . . . . . . . . . . . . . . Overflow Damage 2751 | . 16 . . . . . 116 . . . . . 287 . 23 . 734 . 15 118 . 32 93 . 8 . 99 136 207 349 93 425 Projectiles . | . . . . . . . . . . . . . . . . . . . . . . . . . . . . . . . . . Explosions 315 | . 16 . . . . . . . . . . . 111 . 23 . . . 15 11 . 32 . . 8 . 99 . . . . . Melee 2436 | . . . . . . . 116 . . . . . 176 . . . 734 . . 107 . . 93 . . . . 136 207 349 93 425 Knockbacks . | . . . . . . . . . . . . . . . . . . . . . . . . . . . . . . . . . Impact . | . . . . . . . . . . . . . . . . . . . . . . . . . . . . . . . . . Kinetic . | . . . . . . . . . . . . . . . . . . . . . . . . . . . . . . . . . Secondary . | . . . . . . . . . . . . . . . . . . . . . . . . . . . . . . . . . Self-Inflicted Damage 126 | . 29 . . 4 . . . . . . . . . . 23 . . . . 39 . 31 . . . . . . . . . . Shots 4 | . 1 . . . . . . . . . . . . . 1 . . . . 1 . 1 . . . . . . . . . . Rammed 2 | . . . . 2 . . . . . . . . . . . . . . . . . . . . . . . . . . . . Targets Rammed 2 | . . . . 2 . . . . . . . . . . . . . . . . . . . . . . . . . . . . Kicked . | . . . . . . . . . . . . . . . . . . . . . . . . . . . . . . . . . Crushed . | . . . . . . . . . . . . . . . . . . . . . . . . . . . . . . . . . Highest Temperature 321 | . 21 15 . 24 321 . . 198 199 193 . 8 198 199 199 . 190 198 191 11 26 12 4 192 161 11 . . 7 305 . 95 Average Temperature 93 | . 9 7 . 8 118 . . 104 124 99 . 5 66 100 105 . 97 115 95 6 8 4 2 43 48 6 . . 7 131 . 52 Received Heat Transfer 2687 | . . . . 124 459 . . 108 153 117 . . 57 129 36 . . 252 27 21 72 135 63 160 18 9 42 153 254 94 33 171 Siege Activations . | . . . . . . . . . . . . . . . . . . . . . . . . . . . . . . . . . Robots Corrupted 2 | . . . . . . . . . . . . . . . . . . . . . . . . . 1 . 1 . . . . . Combat Hostiles 1 | . . . . . . . . . . . . . . . . . . . . . . . . . 1 . . . . . . . Parts Fried 29 | . . . . . . . . 1 . . . . . . . . . . . . . . . 1 2 . 24 . . 1 . . Impact Corruptions . | . . . . . . . . . . . . . . . . . . . . . . . . . . . . . . . . . Robots Melted . | . . . . . . . . . . . . . . . . . . . . . . . . . . . . . . . . . Combat Hostiles . | . . . . . . . . . . . . . . . . . . . . . . . . . . . . . . . . . Parts Melted 5 | . . . . . 1 . . . . . . . . . . . . 3 . . . . . . . . . 1 . . . . Heat Transferred 5619 | . 50 . . . 1295 . . 111 481 333 . . 746 592 185 . 148 1443 185 . . . 50 . . . . . . . . . Parts Sabotaged . | . . . . . . . . . . . . . . . . . . . . . . . . . . . . . . . . . Parts Stolen . | . . . . . . . . . . . . . . . . . . . . . . . . . . . . . . . . . Parts Stripped . | . . . . . . . . . . . . . . . . . . . . . . . . . . . . . . . . . Power Chain Reactions 4 | . 1 . . . . . . . . . . . . . . . . . . . . . . . . . 3 . . . . . Missiles Intercepted . | . . . . . . . . . . . . . . . . . . . . . . . . . . . . . . . . . Alert | -11 -10 -10 -10 -9 -8 -7 -7 -7 -7 -7 -7 -6 -6 -6 -6 -6 -5 -5 -5 -5 -5 -4 -4 -4 -4 -4 -4 -3 -3 -2 -2 -2 ------- Run | Scr Mat Min Exi Min Mat Fac Was Fac Low Low Dat Pro Fac Low Low Zio Pro Fac Upp Upp War Pro Fac Ext Cet Arc Hub Res Tes Res Qua Sec Peak Influence 2255 | 10 197 161 . 150 387 83 29 141 . . . . 1104 . . . . 422 . . . . 416 1099 518 378 2255 1465 809 621 510 2014 Average Influence 434 | 5 118 152 . 51 219 57 28 55 . . . . 478 . . . . 275 . . . . 210 503 364 247 678 1245 597 468 302 781 Maximum Alert Level 5 | . . . . . 1 . . . . . . . 4 . . . . 2 . . . . 2 3 2 1 5 4 3 2 2 5 Low Security (%) 31 | 100 100 100 . 100 47 100 100 100 . . . . 26 . . . . 16 . . . . 45 13 . 48 10 . . . 23 6 Level 1 28 | . . . . . 52 . . . . . . . . . . . . 72 . . . . 53 32 51 51 20 . . 8 52 43 Level 2 25 | . . . . . . . . . . . . . 51 . . . . 10 . . . . . 27 48 . 54 . 65 91 23 22 Level 3 6 | . . . . . . . . . . . . . 21 . . . . . . . . . . 25 . . . 26 34 . . . Level 4 5 | . . . . . . . . . . . . . . . . . . . . . . . . . . . . 73 . . . . Level 5 . | . . . . . . . . . . . . . . . . . . . . . . . . . . . 14 . . . . . High Security . | . . . . . . . . . . . . . . . . . . . . . . . . . . . . . . . . . Max Security 3 | . . . . . . . . . . . . . . . . . . . . . . . . . . . . . . . . 28 Squads Dispatched 66 | . . . . . 4 1 . . . . . . 7 . . . . 2 . . . . 3 5 . . 6 7 7 3 6 15 Investigation 21 | . . . . . 1 1 . . . . . . 3 . . . . 2 . . . . 2 5 . . . 3 1 . 3 . Extermination 1 | . . . . . . . . . . . . . . . . . . . . . . . 1 . . . . . . . . . Reinforcement 22 | . . . . . 3 . . . . . . . 3 . . . . . . . . . . . . . 2 4 5 3 . 2 Assault 17 | . . . . . . . . . . . . . 1 . . . . . . . . . . . . . 3 . 1 . . 12 Garrison 4 | . . . . . . . . . . . . . . . . . . . . . . . . . . . 1 . . . 3 . Intercept 1 | . . . . . . . . . . . . . . . . . . . . . . . . . . . . . . . . 1 Construction Impeded 3 | . . . . . 1 . . . . . . . . . . . . . . . . . . . . . . . 2 . . . Haulers Reinforced 3 | . . . . . . . . . . . . . . . . . . . . . . . . . . . . 1 . 2 . . Stealth | -11 -10 -10 -10 -9 -8 -7 -7 -7 -7 -7 -7 -6 -6 -6 -6 -6 -5 -5 -5 -5 -5 -4 -4 -4 -4 -4 -4 -3 -3 -2 -2 -2 --------- Run | Scr Mat Min Exi Min Mat Fac Was Fac Low Low Dat Pro Fac Low Low Zio Pro Fac Upp Upp War Pro Fac Ext Cet Arc Hub Res Tes Res Qua Sec Distress Signals 15 | . 1 . . . 1 . . . . . . . . . . . . . . . . . 1 1 2 . 1 2 . 4 . 2 Communications Jammed . | . . . . . . . . . . . . . . . . . . . . . . . . . . . . . . . . . Distress Signals . | . . . . . . . . . . . . . . . . . . . . . . . . . . . . . . . . . Times Spotted 527 | . 8 3 . 31 25 . . 6 16 3 . 3 20 15 4 . 4 19 10 9 41 16 14 35 16 7 33 24 30 34 15 86 Peak Tracking Total 38 | . 3 3 . 23 7 . . 5 5 3 . 3 10 4 3 . 2 5 5 5 8 5 5 6 10 6 13 8 8 8 4 38 Tactical Retreats 48 | . . . . 4 2 . . . 3 . . . 2 2 . . . . . . 4 . 1 1 1 . 5 . 3 3 1 16 Traps | -11 -10 -10 -10 -9 -8 -7 -7 -7 -7 -7 -7 -6 -6 -6 -6 -6 -5 -5 -5 -5 -5 -4 -4 -4 -4 -4 -4 -3 -3 -2 -2 -2 ------- Run | Scr Mat Min Exi Min Mat Fac Was Fac Low Low Dat Pro Fac Low Low Zio Pro Fac Upp Upp War Pro Fac Ext Cet Arc Hub Res Tes Res Qua Sec Traps Triggered 12 | . . . . . . 1 . 1 . . . . . . . . . . . . . . . 2 . . 4 . . . 2 2 Indirectly 3 | . . . . . . . . . . . . . . . . . . . . . . . . . . . 3 . . . . . Trap Hack Attempts . | . . . . . . . . . . . . . . . . . . . . . . . . . . . . . . . . . Triggered . | . . . . . . . . . . . . . . . . . . . . . . . . . . . . . . . . . Disarmed . | . . . . . . . . . . . . . . . . . . . . . . . . . . . . . . . . . Reprogrammed . | . . . . . . . . . . . . . . . . . . . . . . . . . . . . . . . . . Reused . | . . . . . . . . . . . . . . . . . . . . . . . . . . . . . . . . . Traps Extracted . | . . . . . . . . . . . . . . . . . . . . . . . . . . . . . . . . . Installed . | . . . . . . . . . . . . . . . . . . . . . . . . . . . . . . . . . Triggered 4 | . . . . . . . . . . . . . . . . . . . . . 4 . . . . . . . . . . . Machines | -11 -10 -10 -10 -9 -8 -7 -7 -7 -7 -7 -7 -6 -6 -6 -6 -6 -5 -5 -5 -5 -5 -4 -4 -4 -4 -4 -4 -3 -3 -2 -2 -2 ---------- Run | Scr Mat Min Exi Min Mat Fac Was Fac Low Low Dat Pro Fac Low Low Zio Pro Fac Upp Upp War Pro Fac Ext Cet Arc Hub Res Tes Res Qua Sec Machines Disabled 65 | . 2 1 . . . . . . . . . . 7 . . . . 1 . . . . 2 3 . . 25 . 3 1 9 11 Max in Single Turn 24 | . 1 1 . . . . . . . . . . 5 . . . . 1 . . . . 2 1 . . 24 . 1 1 1 1 Garrison Access 8 | . . . . . . . . . . . . . . . . . . 1 . . . . 1 . . . 1 1 1 1 1 1 Network Hub 1 | . . . . . . . . . . . . . . . . . . . . . . . . . . . 1 . . . . . Machines Sabotaged . | . . . . . . . . . . . . . . . . . . . . . . . . . . . . . . . . . Garrisons Compromised . | . . . . . . . . . . . . . . . . . . . . . . . . . . . . . . . . . Overloaded Fab Kills . | . . . . . . . . . . . . . . . . . . . . . . . . . . . . . . . . . Fab Network Shutdowns 1 | . . . . . . . . . . . . . 1 . . . . . . . . . . . . . . . . . . . Hacking | -11 -10 -10 -10 -9 -8 -7 -7 -7 -7 -7 -7 -6 -6 -6 -6 -6 -5 -5 -5 -5 -5 -4 -4 -4 -4 -4 -4 -3 -3 -2 -2 -2 --------- Run | Scr Mat Min Exi Min Mat Fac Was Fac Low Low Dat Pro Fac Low Low Zio Pro Fac Upp Upp War Pro Fac Ext Cet Arc Hub Res Tes Res Qua Sec Machines Accessed 137 | . 2 . 1 . 2 1 . 3 1 1 4 1 7 . . . . 14 . 1 9 . 10 18 4 1 8 7 11 2 17 12 Terminals 94 | . 2 . . . 2 1 . 2 . 1 . 1 4 . . . . 7 . 1 . . 5 17 4 . 7 4 9 1 16 10 Fabricators 7 | . . . . . . . . 1 . . . . 2 . . . . 2 . . . . 1 . . . . . 1 . . . Repair Stations 2 | . . . . . . . . . . . . . . . . . . 2 . . . . . . . . . . . . . . Recycling Units 7 | . . . . . . . . . . . . . 1 . . . . 1 . . . . 2 1 . . . 2 . . . . Scanalyzers 3 | . . . . . . . . . . . . . . . . . . 1 . . . . 1 . . . . . . . . 1 Garrison Access 8 | . . . . . . . . . . . . . . . . . . 1 . . . . 1 . . . 1 1 1 1 1 1 Total Hacks 503 | . 13 . 5 . 10 3 . 11 1 1 27 1 17 . . . . 38 . 1 14 . 28 70 23 25 23 32 44 12 63 41 Successful 291 | . 10 . 5 . 6 2 . 5 1 1 27 1 13 . . . . 22 . 1 14 . 19 33 11 25 11 13 16 7 27 21 Failed 212 | . 3 . . . 4 1 . 6 . . . . 4 . . . . 16 . . . . 9 37 12 . 12 19 28 5 36 20 Catastrophic 43 | . . . . . . 1 . 1 . . . . 1 . . . . 5 . . . . 1 7 4 . 1 8 4 1 9 . Database Lockouts . | . . . . . . . . . . . . . . . . . . . . . . . . . . . . . . . . . Manual 258 | . 9 . . . 9 . . 4 . . . . 9 . . . . 13 1 . 1 . 12 44 17 . 21 22 23 10 42 21 Terminals 365 | . 13 . . . 10 3 . 8 . 1 . 1 9 . . . . 17 . 1 . . 15 69 23 . 22 23 40 11 60 39 Fabricators 20 | . . . . . . . . 3 . . . . 6 . . . . 6 . . . . 2 . . . . . 3 . . . Repair Stations 9 | . . . . . . . . . . . . . . . . . . 9 . . . . . . . . . . . . . . Recycling Units 18 | . . . . . . . . . . . . . 2 . . . . 3 . . . . 5 1 . . . 7 . . . . Scanalyzers 8 | . . . . . . . . . . . . . . . . . . 2 . . . . 5 . . . . . . . . 1 Garrison Access 11 | . . . . . . . . . . . . . . . . . . 1 . . . . 1 . . . 1 2 1 1 3 1 Terminal Hacks 182 | . 6 . 5 . 4 2 . 2 1 1 27 1 2 . . . . 7 . 1 14 . 4 24 6 25 1 6 10 4 16 13 Record 57 | . . . 5 . . . . . . 1 11 1 . . . . . . . 1 7 . . . 3 25 . . . . 2 1 Part Schematic 7 | . . . . . . . . . . . 7 . . . . . . . . . . . . . . . . . . . . . Robot Schematic 6 | . . . . . . . . . . . 6 . . . . . . . . . . . . . . . . . . . . . Robot Analysis 4 | . . . . . . . . . . . . . . . . . . . . . . . . 2 . . . . . . 1 1 Prototype ID Bank 21 | . 3 . . . . 1 . 1 . . 3 . . . . . . 3 . . 5 . . 4 . . . 1 . . . . Open Door 8 | . . . . . . . . . 1 . . . . . . . . . . . 2 . 1 1 . . . . 1 . 1 1 Level Access Points 2 | . . . . . . . . . . . . . . . . . . . . . . . . . . . . . 1 . 1 . Branch Access Points 9 | . 1 . . . . . . 1 . . . . 1 . . . . 1 . . . . . . . . . 1 1 1 1 1 Terminal Index 5 | . . . . . . . . . . . . . . . . . . 1 . . . . . . . . . . 1 1 1 1 Repair Station Index 1 | . . . . . . . . . . . . . . . . . . . . . . . 1 . . . . . . . . . Alert Level 17 | . . . . . 2 . . . . . . . . . . . . 1 . . . . . 6 1 . . 1 1 1 2 2 Unreport Threat 21 | . . . . . 2 . . . . . . . . . . . . . . . . . 1 5 2 . . 2 2 1 4 2 Locate Traps 10 | . 2 . . . . 1 . . . . . . 1 . . . . 1 . . . . 1 . . . . 1 1 . 1 1 Dispatch Records 1 | . . . . . . . . . . . . . . . . . . . . . . . . 1 . . . . . . . . Investigation Status 1 | . . . . . . . . . . . . . . . . . . . . . . . . 1 . . . . . . . . Recall Investigation 5 | . . . . . . . . . . . . . . . . . . . . . . . . 4 . . . . . . 1 . Zone Layout 4 | . . . . . . . . . . . . . . . . . . . . . . . . . . . 1 . . . 1 2 Protovariant Controls 2 | . . . . . . . . . . . . . . . . . . . . . . . . . . . . . 2 . . . Activate Exoskeleton 1 | . . . . . . . . . . . . . . . . . . . . . . . . . . . . . . . . 1 Fabricator Hacks 11 | . . . . . . . . 1 . . . . 4 . . . . 3 . . . . 2 . . . . . 1 . . . Network Status 1 | . . . . . . . . . . . . . 1 . . . . . . . . . . . . . . . . . . . Load Schematic 4 | . . . . . . . . . . . . . 1 . . . . 2 . . . . 1 . . . . . . . . . Build 6 | . . . . . . . . 1 . . . . 2 . . . . 1 . . . . 1 . . . . . 1 . . . Repair Station Hacks 5 | . . . . . . . . . . . . . . . . . . 5 . . . . . . . . . . . . . . Scan Component 3 | . . . . . . . . . . . . . . . . . . 3 . . . . . . . . . . . . . . Repair 2 | . . . . . . . . . . . . . . . . . . 2 . . . . . . . . . . . . . . Recycling Unit Hacks 8 | . . . . . . . . . . . . . 1 . . . . 1 . . . . 3 1 . . . 2 . . . . Report Inventory 7 | . . . . . . . . . . . . . 1 . . . . 1 . . . . 2 1 . . . 2 . . . . Retrieve Components 1 | . . . . . . . . . . . . . . . . . . . . . . . 1 . . . . . . . . . Scanalyzer 5 | . . . . . . . . . . . . . . . . . . 2 . . . . 3 . . . . . . . . . Insert Component 2 | . . . . . . . . . . . . . . . . . . 1 . . . . 1 . . . . . . . . . Analyze 3 | . . . . . . . . . . . . . . . . . . 1 . . . . 2 . . . . . . . . . Garrison Access Hacks 8 | . . . . . . . . . . . . . . . . . . 1 . . . . 1 . . . 1 1 1 1 1 1 Seal Access 8 | . . . . . . . . . . . . . . . . . . 1 . . . . 1 . . . 1 1 1 1 1 1 Unauthorized Hacks 206 | . 9 . . . 7 . . 6 . . . . 13 . . . . 12 . . . . 16 25 15 . 27 13 12 5 28 18 Terminals 65 | . 4 . . . 2 . . 2 . . . . 4 . . . . 2 . . . . 5 8 5 . 9 2 4 2 10 6 Track 3 | . 1 . . . . . . . . . . . . . . . . . . . . . . . 1 . . . . . 1 . Assimilate 9 | . . . . . . . . . . . . . 1 . . . . 2 . . . . 1 . . . . 1 1 . 3 . Botnet 36 | . 2 . . . 1 . . 1 . . . . 2 . . . . . . . . . 3 7 2 . 4 1 3 1 4 5 Detonate 5 | . . . . . . . . . . . . . 1 . . . . . . . . . 1 . . . 3 . . . . . Disrupt 3 | . . . . . 1 . . . . . . . . . . . . . . . . . . . 1 . . . . . 1 . Operators 9 | . 1 . . . . . . 1 . . . . . . . . . . . . . . . 1 1 . 2 . . 1 1 1 Fabricators 1 | . . . . . . . . . . . . . 1 . . . . . . . . . . . . . . . . . . . Siphon 1 | . . . . . . . . . . . . . 1 . . . . . . . . . . . . . . . . . . . Repair Stations 1 | . . . . . . . . . . . . . . . . . . 1 . . . . . . . . . . . . . . Mechanics 1 | . . . . . . . . . . . . . . . . . . 1 . . . . . . . . . . . . . . Recycling Units 4 | . . . . . . . . . . . . . 1 . . . . . . . . . 1 . . . . 2 . . . . Mask 2 | . . . . . . . . . . . . . . . . . . . . . . . 1 . . . . 1 . . . . Tunnel 2 | . . . . . . . . . . . . . 1 . . . . . . . . . . . . . . 1 . . . . Scanalyzers 1 | . . . . . . . . . . . . . . . . . . . . . . . . . . . . . . . . 1 Researchers 1 | . . . . . . . . . . . . . . . . . . . . . . . . . . . . . . . . 1 Garrison Access . | . . . . . . . . . . . . . . . . . . . . . . . . . . . . . . . . . Data Cores Recovered 3 | . . . . . . . . . . . . . 1 . . . . 1 . . . . . . . . . . . . 1 . Used 1 | . . . . . . . . . . . . . 1 . . . . . . . . . . . . . . . . . . . Hacking Detections 99 | . 2 . . . 2 1 . 3 . . . . 5 . . . . 10 . . . . 6 16 4 . 7 7 10 1 15 10 Full Trace Events 19 | . 1 . . . 1 1 . . . . . . 2 . . . . 2 . . . . 2 5 . . . 2 1 . 2 . Feedback Events 5 | . . . . . . 1 . . . . . . . . . . . . . . . . 2 1 . . . 1 . . . . Corruption 4 | . . . . . . 1 . . . . . . . . . . . . . . . . 1 1 . . . 1 . . . . Hackware Fried 1 | . . . . . . . . . . . . . . . . . . . . . . . 1 . . . . . . . . . Feedback Blocked . | . . . . . . . . . . . . . . . . . . . . . . . . . . . . . . . . . Robot Schematics Acquired 6 | . . . . . . . . . . . 6 . . . . . . . . . . . . . . . . . . . . . Robots Built 2 | . . . . . . . . . . . . . . . . . . . . . . . . . . . . . 2 . . . Matter 636 | . . . . . . . . 252 . . . . . . . . . . . . . . . . . . . . 384 . . . Time 202 | . . . . . . . . 134 . . . . . . . . . . . . . . . . . . . . 68 . . . Total Robot Build Rating 16 | . . . . . . . . . . . . . . . . . . . . . . . . . . . . . 16 . . . Part Schematics Acquired 8 | . . . . . . . . . . . 7 . . . . . . 1 . . . . . . . . . . . . . . Parts Built 3 | . . . . . . . . . . . . . 2 . . . . 1 . . . . . . . . . . . . . . Matter 848 | . . . . . . . . . . . . . 212 . . . . 318 . . . . 318 . . . . . . . . . Time 306 | . . . . . . . . . . . . . 53 . . . . 84 . . . . 169 . . . . . . . . . Total Part Build Rating 18 | . . . . . . . . . . . . . 12 . . . . 6 . . . . . . . . . . . . . . Parts Repaired 2 | . . . . . . . . . . . . . . . . . . 2 . . . . . . . . . . . . . . Time 100 | . . . . . . . . . . . . . . . . . . 100 . . . . . . . . . . . . . . Parts Recycled . | . . . . . . . . . . . . . . . . . . . . . . . . . . . . . . . . . Recycled Matter . | . . . . . . . . . . . . . . . . . . . . . . . . . . . . . . . . . Retrieved Matter . | . . . . . . . . . . . . . . . . . . . . . . . . . . . . . . . . . Retrieved Components 1 | . . . . . . . . . . . . . . . . . . . . . . . 1 . . . . . . . . . Parts Scanalyzed 2 | . . . . . . . . . . . . . . . . . . 1 . . . . 1 . . . . . . . . . Part Schematics Acquired 1 | . . . . . . . . . . . . . . . . . . 1 . . . . . . . . . . . . . . Parts Damaged 1 | . . . . . . . . . . . . . . . . . . 1 . . . . . . . . . . . . . . Bothacking | -11 -10 -10 -10 -9 -8 -7 -7 -7 -7 -7 -7 -6 -6 -6 -6 -6 -5 -5 -5 -5 -5 -4 -4 -4 -4 -4 -4 -3 -3 -2 -2 -2 ------------ Run | Scr Mat Min Exi Min Mat Fac Was Fac Low Low Dat Pro Fac Low Low Zio Pro Fac Upp Upp War Pro Fac Ext Cet Arc Hub Res Tes Res Qua Sec Used RIF Installer . | . . . . . . . . . . . . . . . . . . . . . . . . . . . . . . . . . Robots Hacked . | . . . . . . . . . . . . . . . . . . . . . . . . . . . . . . . . . Non-combat . | . . . . . . . . . . . . . . . . . . . . . . . . . . . . . . . . . Combat . | . . . . . . . . . . . . . . . . . . . . . . . . . . . . . . . . . Robot Hacks Applied . | . . . . . . . . . . . . . . . . . . . . . . . . . . . . . . . . . Relay Couplers Released . | . . . . . . . . . . . . . . . . . . . . . . . . . . . . . . . . . Robots Rewired 10 | . . . . . . . . . . . . . . . . . . . . . . . . 9 . . . . . 1 . . Allies Hacked 2 | . . . . . . . . . . . . . . . . . . . . . . . . . . . . . 1 . 1 . Hacks Repelled . | . . . . . . . . . . . . . . . . . . . . . . . . . . . . . . . . . Allies | -11 -10 -10 -10 -9 -8 -7 -7 -7 -7 -7 -7 -6 -6 -6 -6 -6 -5 -5 -5 -5 -5 -4 -4 -4 -4 -4 -4 -3 -3 -2 -2 -2 -------- Run | Scr Mat Min Exi Min Mat Fac Was Fac Low Low Dat Pro Fac Low Low Zio Pro Fac Upp Upp War Pro Fac Ext Cet Arc Hub Res Tes Res Qua Sec Total Allies 50 | . . 3 . . . . . . . . . 1 1 . . 2 . 2 . . . . 1 15 5 3 . . 4 1 3 9 Largest Group 18 | . . 3 3 3 . . . . . . . 1 1 1 1 3 3 3 3 2 2 1 1 15 18 10 3 . 2 1 2 8 Highest-Rated Group 1110 | . . 40 40 40 . . . . . . . 94 94 10 10 66 66 66 30 18 18 8 26 731 1110 885 282 . 180 64 90 1075 Highest-Rated Ally 1075 | . . 16 16 16 . . . . . . . 94 94 10 10 31 31 31 10 10 10 8 26 156 156 156 94 . 90 64 64 1075 Total Orders 88 | . . . . . . . . . . . . . 5 6 7 1 4 18 4 6 6 11 5 5 2 2 . . 1 2 3 . STAY 6 | . . . . . . . . . . . . . . . 1 . . 1 . . 1 3 . . . . . . . . . . GOTO 45 | . . . . . . . . . . . . . 2 5 3 1 2 9 3 3 3 4 3 3 1 2 . . . . 1 . ROAM 1 | . . . . . . . . . . . . . . . . . . . . 1 . . . . . . . . . . . . FOLLOW 30 | . . . . . . . . . . . . . 1 1 3 . 2 7 1 2 2 4 2 2 1 . . . . 1 1 . AID 2 | . . . . . . . . . . . . . . . . . . . . . . . . . . . . . . 1 1 . EXPLORE 4 | . . . . . . . . . . . . . 2 . . . . 1 . . . . . . . . . . 1 . . . Ally Attacks 365 | . . . . 3 . . . . . . . . 11 . . . . 4 . . . . . 69 101 16 24 . 29 . 3 105 Total Damage 11546 | . . . . 15 . . . . . . . . 524 . . . . 63 . . . . . 2025 3284 700 604 . 969 . 85 3277 Kills 63 | . . . . . . . . . . . . . 6 . . . . . . . . . . 16 14 5 4 . 8 . . 10 Allies Corrupted 1 | . . . . . . . . . . . . . . . . . . . . . 1 . . . . . . . . . . . Allies Melted . | . . . . . . . . . . . . . . . . . . . . . . . . . . . . . . . . . Intel | -11 -10 -10 -10 -9 -8 -7 -7 -7 -7 -7 -7 -6 -6 -6 -6 -6 -5 -5 -5 -5 -5 -4 -4 -4 -4 -4 -4 -3 -3 -2 -2 -2 ------- Run | Scr Mat Min Exi Min Mat Fac Was Fac Low Low Dat Pro Fac Low Low Zio Pro Fac Upp Upp War Pro Fac Ext Cet Arc Hub Res Tes Res Qua Sec Robot Analysis Total 4 | . . . . . . . . . . . . . . . . . . . . . . . . 2 . . . . . . 1 1 Derelict Logs Recovered 13 | . . 2 . 1 . . . . 1 . . 1 . 1 1 2 1 . 1 1 . 1 . . . . . . . . . . Drone Launches 6 | . . . . . . . . . . . . . 2 . . . . 2 . . . . . . . . . . 2 . . . Drone Recoveries . | . . . . . . . . . . . . . . . . . . . . . . . . . . . . . . . . . Exploration | -11 -10 -10 -10 -9 -8 -7 -7 -7 -7 -7 -7 -6 -6 -6 -6 -6 -5 -5 -5 -5 -5 -4 -4 -4 -4 -4 -4 -3 -3 -2 -2 -2 ------------- Run | Scr Mat Min Exi Min Mat Fac Was Fac Low Low Dat Pro Fac Low Low Zio Pro Fac Upp Upp War Pro Fac Ext Cet Arc Hub Res Tes Res Qua Sec Turns Passed 12410 | 39 160 206 141 366 397 35 403 222 819 335 56 228 388 576 288 481 378 795 215 290 623 443 385 485 359 62 263 541 378 639 551 863 Spaces Moved 18143 | 20 124 272 154 355 212 45 320 248 913 445 85 290 594 1041 639 1002 487 1264 501 537 1041 864 535 554 327 88 414 753 570 1068 1086 1295 Core 3 | . . . . . . . . . . . . . . . . . . . . . 1 . . . . . . 2 . . . . Treads . | . . . . . . . . . . . . . . . . . . . . . . . . . . . . . . . . . Legs 2 | 2 . . . . . . . . . . . . . . . . . . . . . . . . . . . . . . . . Wheels 67 | 18 49 . . . . . . . . . . . . . . . . . . . . . . . . . . . . . . . Hover 18070 | . 75 272 154 355 212 45 320 248 913 445 85 290 594 1041 639 1002 487 1264 501 537 1040 864 535 554 327 88 414 750 570 1068 1086 1295 Flight 1 | . . . . . . . . . . . . . . . . . . . . . . . . . . . . 1 . . . . Fastest Speed 26 | 100 56 56 56 56 76 76 76 66 66 66 66 66 35 36 36 35 35 35 35 35 33 33 33 28 28 30 30 28 30 30 26 26 Average Speed 40 | 102 77 56 56 67 76 76 76 69 66 66 66 66 43 36 36 35 35 37 35 35 34 33 33 32 55 30 30 30 30 30 29 29 Slowest Speed 200 | 120 100 56 56 76 76 76 146 76 66 66 66 66 120 36 36 36 35 111 35 35 200 33 33 108 108 30 30 200 30 105 30 106 Overloaded Moves 18 | . . . . . . . . . . . . . . . . . . . . . . . . . . . . 2 . . 16 . Propulsion Burnouts . | . . . . . . . . . . . . . . . . . . . . . . . . . . . . . . . . . Robots Hopped . | . . . . . . . . . . . . . . . . . . . . . . . . . . . . . . . . . Cave-ins Triggered . | . . . . . . . . . . . . . . . . . . . . . . . . . . . . . . . . . Teleports 1 | . . . . . . . . . . . . . . . . . . . . . . . . . . . . . . . . 1 Exploration Rate (%) 54 | 2 27 56 50 48 19 2 96 9 73 64 70 48 23 73 84 86 60 21 63 56 95 69 15 73 82 72 68 22 71 28 93 77 Regions Visited 32 Branch Regions 22 Pre-discovered Areas 8 | . . . 1 . . . . . . . 1 . 1 . . 4 . . . . . . . . . . . 1 . . . . Known Exits Taken 29 | . 1 1 1 1 1 . . 1 1 1 1 1 1 1 1 1 1 1 1 1 1 1 1 1 1 1 1 1 1 1 1 . Unknown Exits Taken 1 | 1 . . . . . . . . . . . . . . . . . . . . . . . . . . . . . . . . Scrap Searched 32 | . . 2 . 1 . . . . 2 3 . 4 . 2 2 3 3 . 4 3 . 3 . . . . . . . . . . Spaces Dug 193 | . . . . . 4 . . 4 . . . 2 14 3 2 . 12 10 3 . 4 5 12 . 1 . 7 19 21 23 19 28 Terrain Destroyed 1416 | . 3 . . . 4 . . 4 . . . 22 148 28 53 . 83 15 45 17 4 52 46 43 1 . 738 19 21 23 19 28 Melee 193 | . . . . . 4 . . 4 . . . 2 14 3 2 . 12 10 3 . 4 5 12 . 1 . 7 19 21 23 19 28 Projectile 15 | . . . . . . . . . . . . . . 1 . . 1 5 1 . . 2 1 2 . . 2 . . . . . AOE 1208 | . 3 . . . . . . . . . . 20 134 24 51 . 70 . 41 17 . 45 33 41 . . 729 . . . . . Actions | -11 -10 -10 -10 -9 -8 -7 -7 -7 -7 -7 -7 -6 -6 -6 -6 -6 -5 -5 -5 -5 -5 -4 -4 -4 -4 -4 -4 -3 -3 -2 -2 -2 --------- Run | Scr Mat Min Exi Min Mat Fac Was Fac Low Low Dat Pro Fac Low Low Zio Pro Fac Upp Upp War Pro Fac Ext Cet Arc Hub Res Tes Res Qua Sec Total 21646 | 31 152 309 208 435 359 45 415 279 1073 468 84 320 677 1196 675 1129 645 1501 523 612 1257 954 682 785 490 117 507 991 707 1278 1222 1520 Wait 1428 | . . 28 55 7 68 . . 10 72 5 . 22 28 101 3 118 118 78 . 24 113 36 68 39 80 21 35 134 30 52 51 32 Move 18112 | 19 123 271 153 354 211 45 319 247 912 444 84 289 593 1040 638 1001 486 1263 500 536 1040 863 534 553 326 87 413 752 569 1067 1085 1295 Hop . | . . . . . . . . . . . . . . . . . . . . . . . . . . . . . . . . . Pick Up 67 | 2 2 . . 3 6 . 4 1 3 . . 1 4 1 1 . . 9 2 2 2 . 2 5 5 . 1 1 . 2 1 7 Fast Attach 110 | 5 3 1 . 2 . . 4 4 2 . . . 4 2 . 1 . 15 1 . 10 . 4 2 4 . 4 8 5 11 9 9 Attach 23 | . . . . 1 3 . 2 . . . . . . . . . . 2 . 1 1 . 3 2 3 . . . . . . 5 Detach 17 | 1 1 . . . . . 3 . . . . . . . . . . 2 . . 1 . 1 1 3 . . . . . . 4 Swap 114 | . . . . 3 4 . 2 2 6 . . 2 4 5 4 5 3 15 2 5 3 10 5 15 9 . 1 2 3 2 1 1 Drop 156 | 1 4 1 . 5 5 . 5 5 4 . . 1 8 3 2 4 . 22 3 4 12 1 4 8 9 . 3 9 6 12 10 5 Fire 501 | 3 18 8 . 26 40 . . 6 23 10 . 3 10 25 12 . 7 48 9 9 25 22 21 34 3 9 20 23 15 28 13 31 Melee 400 | . . . . . 5 . 44 4 1 . . 2 19 3 2 . 23 11 5 2 4 5 14 3 5 . 7 23 28 48 44 98 Ram 2 | . . . . 2 . . . . . . . . . . . . . . . . . . . . . . . . . . . . Kick . | . . . . . . . . . . . . . . . . . . . . . . . . . . . . . . . . . Crush . | . . . . . . . . . . . . . . . . . . . . . . . . . . . . . . . . . Escape Stasis 54 | . . . . . . . . . . . . . . . . . . . . . . . . 21 . . . . 31 . . 2 Rewire 59 | . . . . . . . . . . . . . . . . . . . . . . . . 56 . . . . . 3 . . Trap . | . . . . . . . . . . . . . . . . . . . . . . . . . . . . . . . . . Miscellaneous 603 | . 1 . . 32 17 . 32 . 50 9 . . 7 16 13 . 8 36 1 29 46 17 26 46 43 . 23 39 20 53 8 31 Route ------- -11/Scrapyard -10/Materials -10/Mines (discovered 2 exits: Mat / *Exi) -10/Exiles -9/Mines -8/Materials (discovered 4 exits: *Fac x2 / *Sto x2) -7/Factory -7/Waste -7/Factory (discovered 2 exits: *Low x2) -7/Lower Caves (discovered 2 exits: *Low / *Zio) -7/Lower Caves -7/Data Miner -6/Proximity Caves -6/Factory (discovered 4 exits: Fac x2 / *Low x2) -6/Lower Caves -6/Lower Caves (discovered 2 exits: *Fac / *Zio) -6/Zion -5/Proximity Caves -5/Factory (discovered 3 exits: *Fac / *Upp x2) -5/Upper Caves -5/Upper Caves (discovered 2 exits: *Fac / *War) -5/Warlord -4/Proximity Caves -4/Factory (discovered 2 exits: *Upp / *Ext) -4/Extension (discovered 3 exits: *Res x2 / *Cet) -4/Cetus (discovered 2 exits: *Res / *Arc) -4/Archives -4/Hub_04(d) (discovered 4 exits: *Res x4) -3/Research (discovered 3 exits: *Res / *Tes x2) -3/Testing -2/Research (discovered 3 exits: Acc / *Qua x2) -2/Quarantine (discovered 2 exits: *Acc / *Sec) -2/Section 7 (discovered 1 exit: *Acc) History --------- Turn | Location | Event 1 | -11/Scrapyard | Upgraded with Propulsion slot (x1) 1 | -11/Scrapyard | Upgraded with Utility slot (x1) 1 | -11/Scrapyard | Upgraded with Weapon slot (x1) 1 | -11/Scrapyard | Discovered new exit (range 1) 40 | -11/Scrapyard | Entered Materials 47 | -10/Materials | Identified exit to Mines 200 | -10/Materials | Entered Mines 220 | -10/Mines | Reached level 2 250 | -10/Mines | Identified exit to Materials 304 | -10/Mines | Assisted by bots powering up and referring to "LRC-V3" 333 | -10/Mines | Deemed a non-threat by the Exiles lab entrance 333 | -10/Mines | Discovered new exit (range 5) 357 | -10/Mines | Learned location of 2 exits from Materials 384 | -10/Mines | Identified exit to Exiles 406 | -10/Mines | Entered Exiles 406 | -10/Exiles | Accompanied by 3 allies 419 | -10/Exiles | Met 8R-AWN 429 | -10/Exiles | Met EX-HEX 447 | -10/Exiles | Met EX-BIN 456 | -10/Exiles | Met EX-DEC 459 | -10/Exiles | Learned location of Zion (-6) 475 | -10/Exiles | Build established: Scavenger-Mutant 512 | -10/Exiles | Discovered new exit (range 14) 521 | -10/Exiles | Identified exit to Mines 547 | -10/Exiles | Entered Mines 547 | -9/Mines | Accompanied by 3 allies 596 | -9/Mines | Assembled infested the area 598 | -9/Mines | Learned 2 Materials zone layouts 645 | -9/Mines | Core integrity fell below 50% 651 | -9/Mines | Core integrity fell below 20% 816 | -9/Mines | Discovered new exit (range 13) 840 | -9/Mines | Identified exit to Materials 913 | -9/Mines | Entered Materials 914 | -8/Materials | Identified exit to Factory 915 | -8/Materials | Identified exit to Storage 915 | -8/Materials | Reached level 3 917 | -8/Materials | Upgraded with Utility slot (x1) 918 | -8/Materials | Upgraded with Weapon slot (x1) 955 | -8/Materials | Reached level 4 1067 | -8/Materials | Core integrity fell below 50% 1229 | -8/Materials | Build established: Scavenger-Scout 1310 | -8/Materials | Entered Factory 1311 | -7/Factory | Core integrity fell below 50% 1312 | -7/Factory | Reached level 5 1342 | -7/Factory | Reached level 6 1345 | -7/Factory | Manually triggered Chute Trap 1345 | -7/Factory | Sucked down chute 1345 | -7/Factory | Entered Waste 1345 | -7/Waste | The area was eerily silent 1383 | -7/Waste | Upgraded with Utility slot (x2) 1386 | -7/Waste | Found Damper Plating 1561 | -7/Waste | Discovered new exit (range 13) 1748 | -7/Waste | Identified exit to Factory 1748 | -7/Waste | Entered Factory 1882 | -7/Factory | Identified exit to Lower Caves 1970 | -7/Factory | Entered Lower Caves 2011 | -7/Lower Caves | Learned Factory non-interactive machine intel 2088 | -7/Lower Caves | A Derelict revealed a hidden shortcut to a safe place 2093 | -7/Lower Caves | Identified exit to Zion 2140 | -7/Lower Caves | Reached level 7 2326 | -7/Lower Caves | Upgraded with Utility slot (x1) 2381 | -7/Lower Caves | Encountered a Warlord checkpoint 2449 | -7/Lower Caves | Discovered new exit (range 11) 2454 | -7/Lower Caves | Identified exit to Lower Caves 2789 | -7/Lower Caves | Entered another Lower Caves area 3066 | -7/Lower Caves | Discovered new exit (range 11) 3124 | -7/Lower Caves | Identified exit to Data Miner 3124 | -7/Lower Caves | Entered Data Miner 3124 | -7/Data Miner | Discovered new exit (range 6) 3126 | -7/Data Miner | Reached level 8 3137 | -7/Data Miner | Met Data Miner 3151 | -7/Data Miner | Learned location of Section 7 (-2) 3151 | -7/Data Miner | Acquired the access code to Warlord's prototype stash 3161 | -7/Data Miner | Received God Mode back door access code from Data Miner 3179 | -7/Data Miner | Identified exit to Proximity Caves 3180 | -7/Data Miner | Entered Proximity Caves 3182 | -6/Proximity Caves | Reached level 9 3204 | -6/Proximity Caves | Escorted by Enhanced Grunt 3241 | -6/Proximity Caves | Learned 8 Factory zone layouts 3328 | -6/Proximity Caves | Discovered new exit (range 13) 3339 | -6/Proximity Caves | Spotted B-75 Beast 3405 | -6/Proximity Caves | Identified exit to Factory 3408 | -6/Proximity Caves | Entered Factory 3408 | -6/Factory | Accompanied by 1 ally 3409 | -6/Factory | Identified exit to Factory 3410 | -6/Factory | Loaded intel: 249 non-interactive machine locations 3410 | -6/Factory | Reached level 10 3476 | -6/Factory | Upgraded with Utility slot (x1) 3512 | -6/Factory | Local fabrication network quarantined 3527 | -6/Factory | Fabricated Linear Gravjet (x2) 3603 | -6/Factory | Upgraded with Propulsion slot (x1) 3651 | -6/Factory | Incoming investigation squad redirected 3702 | -6/Factory | Reached level 11 3709 | -6/Factory | Spotted B-75 Beast 3717 | -6/Factory | Identified exit to Lower Caves 3758 | -6/Factory | First assault squad dispatched 3783 | -6/Factory | Discovered exit to Factory (range 17) 3794 | -6/Factory | Reached level 12 3796 | -6/Factory | Entered Lower Caves 3796 | -6/Lower Caves | Accompanied by 1 ally 3812 | -6/Lower Caves | Encountered a Warlord checkpoint 3820 | -6/Lower Caves | Build established: Scout 3954 | -6/Lower Caves | Identified exit to Lower Caves 3987 | -6/Lower Caves | Spotted B-75 Beast 4264 | -6/Lower Caves | Core integrity fell below 50% 4269 | -6/Lower Caves | Reached level 13 4372 | -6/Lower Caves | Entered another Lower Caves area 4372 | -6/Lower Caves | Accompanied by 1 ally 4374 | -6/Lower Caves | Attracted the attention of an 0b10 checkpoint 4395 | -6/Lower Caves | Discovered exit to Factory (range 17) 4528 | -6/Lower Caves | Discovered exit to Zion (range 7) 4536 | -6/Lower Caves | Build established: Derelict-Scout 4604 | -6/Lower Caves | Learned Factory emergency access door positions 4660 | -6/Lower Caves | Entered Zion 4660 | -6/Zion | Accompanied by 1 ally 4662 | -6/Zion | Reached level 14 4680 | -6/Zion | Discovered new exit (range 15) 4736 | -6/Zion | System corruption cleaned by Quarantine Array 4773 | -6/Zion | Received a hallucinogenic algorithm 4784 | -6/Zion | Upgraded with Power slot (x1) 4831 | -6/Zion | Learned location of Warlord (-5) 4854 | -6/Zion | Learned Factory stockpile data 4955 | -6/Zion | Gained Derelict followers 5116 | -6/Zion | Identified exit to Proximity Caves 5141 | -6/Zion | Entered Proximity Caves 5141 | -5/Proximity Caves | Accompanied by 3 allies 5143 | -5/Proximity Caves | Reached level 15 5519 | -5/Proximity Caves | Entered Factory 5519 | -5/Factory | Accompanied by 3 allies 5521 | -5/Factory | Reached level 16 5703 | -5/Factory | Incoming investigation squad redirected 5725 | -5/Factory | Core integrity fell below 50% 5740 | -5/Factory | Reached level 17 5865 | -5/Factory | Identified exit to Upper Caves 5911 | -5/Factory | Repaired Linear Gravjet? 5944 | -5/Factory | Upgraded with Utility slot (x1) 5967 | -5/Factory | Repaired Coolant Injector 6061 | -5/Factory | Upgraded with Utility slot (x1) 6100 | -5/Factory | Discovered new exit (range 8) 6113 | -5/Factory | Found Prototype Processor 6113 | -5/Factory | Identified Exp. Targeting Computer 6115 | -5/Factory | Found Exp. Targeting Computer 6268 | -5/Factory | Fabricated Exp. Cesium-ion Thruster? 6294 | -5/Factory | Incoming investigation squad redirected 6314 | -5/Factory | Entered Upper Caves 6314 | -5/Upper Caves | Accompanied by 3 allies 6316 | -5/Upper Caves | Reached level 18 6358 | -5/Upper Caves | Destroyed 10 combat bots 6366 | -5/Upper Caves | Identified exit to Upper Caves 6473 | -5/Upper Caves | Acquired the password to a Derelict Tinkerer's latest research 6478 | -5/Upper Caves | Found Prototype Special Weapon 6529 | -5/Upper Caves | Entered another Upper Caves area 6529 | -5/Upper Caves | Accompanied by 2 allies 6529 | -5/Upper Caves | Discovered new exit (range 14) 6532 | -5/Upper Caves | Identified Molecular Deconstructor 6561 | -5/Upper Caves | Reached level 19 6658 | -5/Upper Caves | Build established: Hauler-Scout 6673 | -5/Upper Caves | Discovered new exit (range 15) 6678 | -5/Upper Caves | Identified exit to Warlord 6687 | -5/Upper Caves | Encountered a Warlord checkpoint 6698 | -5/Upper Caves | Attracted the attention of an 0b10 checkpoint 6819 | -5/Upper Caves | Entered Warlord 6819 | -5/Warlord | Accompanied by 2 allies 6931 | -5/Warlord | Met Warlord 6940 | -5/Warlord | Opened Warlord's prototype stash 6943 | -5/Warlord | Found Prototype Device 6943 | -5/Warlord | Identified Thermal Barrier 6949 | -5/Warlord | Found Prototype Device 6949 | -5/Warlord | Identified Exp. Phase Shifter 6952 | -5/Warlord | Found Prototype Reactor 6952 | -5/Warlord | Identified Vortex Chain Reactor 6956 | -5/Warlord | Reached level 20 6956 | -5/Warlord | Warlord's base attacked by MAIN.C 6958 | -5/Warlord | Upgraded with Propulsion slot (x1) 6960 | -5/Warlord | Found Prototype Hackware 6960 | -5/Warlord | Identified System Mapper 7031 | -5/Warlord | Found Prototype Energy Gun 7031 | -5/Warlord | Identified Vortex Rifle 7034 | -5/Warlord | Found Vortex Rifle 7200 | -5/Warlord | Warlord forces counterattacked 7247 | -5/Warlord | Build established: Hacker-Scout 7319 | -5/Warlord | Spotted Executioner 7322 | -5/Warlord | Discovered new exit (range 20) 7381 | -5/Warlord | Opened side exit 7392 | -5/Warlord | Spotted B-86 Titan 7392 | -5/Warlord | Spotted Executioner 7403 | -5/Warlord | Destroyed B-86 Titan 7414 | -5/Warlord | Destroyed Executioner 7440 | -5/Warlord | Identified exit to Proximity Caves 7442 | -5/Warlord | Entered Proximity Caves 7442 | -4/Proximity Caves | Accompanied by 1 ally 7444 | -4/Proximity Caves | Reached level 21 7742 | -4/Proximity Caves | Reached level 22 7805 | -4/Proximity Caves | Discovered new exit (range 11) 7885 | -4/Proximity Caves | Identified exit to Factory 7885 | -4/Proximity Caves | Entered Factory 7885 | -4/Factory | Accompanied by 1 ally 7886 | -4/Factory | Identified exit to Upper Caves 7886 | -4/Factory | Identified exit to Extension 7887 | -4/Factory | Reached level 23 7909 | -4/Factory | Core integrity fell below 50% 7983 | -4/Factory | Upgraded with Utility slot (x1) 7986 | -4/Factory | Upgraded with Utility slot (x1) 8133 | -4/Factory | Found Prototype Device 8133 | -4/Factory | Identified EM Disruption Field 8157 | -4/Factory | System Mapper fried by hacking feedback 8187 | -4/Factory | Incoming investigation squad redirected 8211 | -4/Factory | Incoming investigation squad redirected 8270 | -4/Factory | Entered Extension 8270 | -4/Extension | Accompanied by 1 ally 8272 | -4/Extension | Reached level 24 8278 | -4/Extension | Disrupted transfer network 8286 | -4/Extension | Rescued a captive Derelict 8324 | -4/Extension | Rescued A7 8336 | -4/Extension | Rescued a captive Derelict 8336 | -4/Extension | Rescued a captive Derelict 8397 | -4/Extension | Spotted B-86 Titan 8399 | -4/Extension | Spotted B-86 Titan 8414 | -4/Extension | Incoming investigation squad redirected 8426 | -4/Extension | Allies destroyed B-86 Titan 8430 | -4/Extension | Core integrity fell below 20% 8456 | -4/Extension | Build established: Hauler-Scout 8463 | -4/Extension | Discovered new exit (range 4) 8465 | -4/Extension | Identified exit to Research 8489 | -4/Extension | Reached level 25 8523 | -4/Extension | Rescued a captive Derelict 8556 | -4/Extension | Incoming investigation squad redirected 8590 | -4/Extension | Rescued a captive Derelict 8595 | -4/Extension | Rescued a captive Derelict 8711 | -4/Extension | Discovered exit to Research (range 10) 8711 | -4/Extension | Discovered new exit (range 6) 8714 | -4/Extension | Reached level 26 8716 | -4/Extension | Upgraded with Utility slot (x1) 8723 | -4/Extension | Identified exit to Cetus 8755 | -4/Extension | Entered Cetus 8755 | -4/Cetus | Accompanied by 14 allies 8760 | -4/Cetus | Acquired a Cetus Manufacturing Module code from A7 8771 | -4/Cetus | Spotted Cetus Guard 8771 | -4/Cetus | Spotted Cetus Guard 8773 | -4/Cetus | Spotted Cetus Guard 8779 | -4/Cetus | Allies destroyed Cetus Guard 8784 | -4/Cetus | Spotted Cetus Guard 8786 | -4/Cetus | Allies destroyed Cetus Guard 8788 | -4/Cetus | Allies destroyed Cetus Guard 8791 | -4/Cetus | Destroyed Cetus Guard 8837 | -4/Cetus | Started Cetus Manufacturing Module 8862 | -4/Cetus | Manufactured an Enhanced Grunt 8869 | -4/Cetus | Escorted A7 to Cetus Mainframe 8887 | -4/Cetus | Manufactured an Enhanced Grunt 8900 | -4/Cetus | Discovered new exit (range 16) 8912 | -4/Cetus | Manufactured an Enhanced Grunt 8937 | -4/Cetus | Manufactured an Enhanced Grunt 8962 | -4/Cetus | Manufactured an Enhanced Grunt 8993 | -4/Cetus | Spotted Cetus Guard 8993 | -4/Cetus | Spotted Cetus Guard 8996 | -4/Cetus | Spotted Cetus Guard 8997 | -4/Cetus | Spotted Cetus Guard 9002 | -4/Cetus | Discovered exit to Research (range 16) 9004 | -4/Cetus | Allies destroyed Cetus Guard 9006 | -4/Cetus | Allies destroyed Cetus Guard 9013 | -4/Cetus | Allies destroyed Cetus Guard 9014 | -4/Cetus | Allies destroyed Cetus Guard 9054 | -4/Cetus | Met Revision 17 9072 | -4/Cetus | Identified exit to Archives 9114 | -4/Cetus | Entered Archives 9114 | -4/Archives | Accompanied by 7 allies 9118 | -4/Archives | Met Zhirov 9122 | -4/Archives | Read partially decrypted archive contents 9123 | -4/Archives | Received a hacking code to weaken MAIN.C 9123 | -4/Archives | Discovered new exit (range 16) 9124 | -4/Archives | Reinforcements dispatched to Archives 9125 | -4/Archives | Unable to access archive contents 9133 | -4/Archives | Identified exit to Hub_04(d) 9161 | -4/Archives | Reached level 27 9169 | -4/Archives | Reinforcements dispatched to Archives 9171 | -4/Archives | Zhirov warped through subspace 9176 | -4/Archives | Entered Hub_04(d) 9176 | -4/Hub_04(d) | Accompanied by 3 allies 9271 | -4/Hub_04(d) | Found Prototype Device 9271 | -4/Hub_04(d) | Identified Exp. Thermal Shield 9286 | -4/Hub_04(d) | Discovered exit to Research (range 12) 9313 | -4/Hub_04(d) | Discovered exit to Research (range 12) 9330 | -4/Hub_04(d) | Discovered exit to Research (range 20) 9391 | -4/Hub_04(d) | Discovered exit to Research (range 5) 9402 | -4/Hub_04(d) | Network Hub disabled 9402 | -4/Hub_04(d) | Garrison activated, responded to threat 9426 | -4/Hub_04(d) | First assault squad dispatched 9435 | -4/Hub_04(d) | Spotted Lightning 9436 | -4/Hub_04(d) | Spotted Lightning 9436 | -4/Hub_04(d) | Spotted Lightning 9439 | -4/Hub_04(d) | Spotted Lightning 9439 | -4/Hub_04(d) | Spotted Lightning 9439 | -4/Hub_04(d) | Spotted Lightning 9439 | -4/Hub_04(d) | Entered Research 9441 | -3/Research | Reached level 28 9639 | -3/Research | Revision forces began assault on 0b10 9745 | -3/Research | Discovered new exit (range 13) 9753 | -3/Research | Identified exit to Research 9771 | -3/Research | Identified exit to Testing 9772 | -3/Research | Found Prototype Launcher 9772 | -3/Research | Identified Com. Tesla Bomb Launcher 9814 | -3/Research | Met up with Revision 17++ 9843 | -3/Research | Spotted B-86 Titan 9980 | -3/Research | Entered Testing 9982 | -3/Testing | Reached level 29 10151 | -3/Testing | Protovariant out of control (PY-P2WQ1UJ5OA) 10151 | -3/Testing | Unleashed a protovariant (PY-P2WQ1UJ5OA) 10155 | -3/Testing | Spotted Investigator 10156 | -3/Testing | Scanned by Researcher 10174 | -3/Testing | Incoming assault squad redirected 10203 | -3/Testing | Fabricated P-80 Master? 10219 | -3/Testing | Core integrity fell below 50% 10222 | -3/Testing | Destroyed Investigator 10261 | -3/Testing | Spotted PY-P2WQ1UJ5OA 10274 | -3/Testing | Incoming investigation squad redirected 10330 | -3/Testing | Found Prototype Launcher 10330 | -3/Testing | Identified Containment Facilitator 10351 | -3/Testing | Found Prototype Device 10351 | -3/Testing | Identified Exp. Hardlight Generator 10358 | -3/Testing | Entered Research 10358 | -2/Research | Warlord forces began assault on 0b10 10359 | -2/Research | Identified exit to Quarantine 10360 | -2/Research | Reached level 30 10384 | -2/Research | Discovered new exit (range 18) 10422 | -2/Research | Spotted B-90 Cyclops 10468 | -2/Research | Research machine network offline 10475 | -2/Research | Met up with Warlord 10553 | -2/Research | Found Exp. Shield Generator 10654 | -2/Research | Spotted B-90 Cyclops 10722 | -2/Research | Reached level 31 10800 | -2/Research | Borebot progress halted 10803 | -2/Research | Borebot progress halted 10932 | -2/Research | Upgraded with Utility slot (x1) 10997 | -2/Research | Entered Quarantine 10997 | -2/Quarantine | Accompanied by 1 ally 11032 | -2/Quarantine | Cryocooling Duct disabled 11047 | -2/Quarantine | Ambient heat levels rising (+20) 11047 | -2/Quarantine | Non-combat units ordered to evacuate 11228 | -2/Quarantine | Spotted Alpha 7 11289 | -2/Quarantine | Discovered new exit (range 12) 11295 | -2/Quarantine | Identified exit to Access 11303 | -2/Quarantine | Found Alien Artifact 11303 | -2/Quarantine | Identified Stasis Generator 11333 | -2/Quarantine | Found Alien Artifact 11333 | -2/Quarantine | Identified Core Reset Matrix 11333 | -2/Quarantine | Reached level 32 11333 | -2/Quarantine | Used Core Reset Matrix 11337 | -2/Quarantine | Detected hypermatrix surge 11337 | -2/Quarantine | Sensed 8 artifacts in vicinity 11339 | -2/Quarantine | Discovered exit to Access (range 12) 11376 | -2/Quarantine | Upgraded with Weapon slot (x1) 11376 | -2/Quarantine | Found Sigix Broadsword 11415 | -2/Quarantine | Met incapacitated Sigix Warrior 11415 | -2/Quarantine | Lockdown squad dispatched 11502 | -2/Quarantine | Incoming investigation squad redirected 11526 | -2/Quarantine | Spotted Fortress 11546 | -2/Quarantine | Discovered new exit (range 6) 11548 | -2/Quarantine | Identified exit to Section 7 11548 | -2/Quarantine | Entered Section 7 11549 | -2/Section 7 | Sensed 21 artifacts in vicinity 11653 | -2/Section 7 | Core integrity fell below 50% 11670 | -2/Section 7 | Emitted hypermatrix ping 11675 | -2/Section 7 | Assembled emerged from beneath the floor 11746 | -2/Section 7 | Reached level 33 11797 | -2/Section 7 | Spotted S7 Guard 11801 | -2/Section 7 | Spotted B-90 Cyclops 11803 | -2/Section 7 | Discovered exit to Access (range 17) 11811 | -2/Section 7 | Spotted S7 Guard 11817 | -2/Section 7 | Found Core Regenerator 11817 | -2/Section 7 | Used Core Regenerator, restored core integrity (+275) 11894 | -2/Section 7 | Found Integrity Redistributor 11894 | -2/Section 7 | Used Integrity Redistributor, redistributed integrity from core (-47) 11923 | -2/Section 7 | Found Integrated Reactor 11923 | -2/Section 7 | Installed Integrated Reactor, increased core energy generation (+2%) 11924 | -2/Section 7 | Spotted Alpha 7 11962 | -2/Section 7 | Spotted Alpha 7 11971 | -2/Section 7 | Spotted B-99 Colossus 11986 | -2/Section 7 | Found Core Expander 11986 | -2/Section 7 | Installed Core Expander, added new Weapon slot 11987 | -2/Section 7 | Found Core Expander 11987 | -2/Section 7 | Installed Core Expander, added new Power slot 12000 | -2/Section 7 | Found LRC Armor 12000 | -2/Section 7 | Installed LRC Armor, increased core integrity (+250) 12002 | -2/Section 7 | Found LRC Insulator 12002 | -2/Section 7 | Installed LRC Insulator, gained EM resistance (25) 12080 | -2/Section 7 | Destroyed S7 Guard 12158 | -2/Section 7 | Activated Sigix Exoskeleton 12158 | -2/Section 7 | Received instructions from Sigix Warrior 12162 | -2/Section 7 | Spotted Executioner 12163 | -2/Section 7 | Spotted Executioner 12167 | -2/Section 7 | Spotted Striker 12169 | -2/Section 7 | Spotted Striker 12184 | -2/Section 7 | Destroyed Executioner 12200 | -2/Section 7 | Allies destroyed Striker 12214 | -2/Section 7 | Core integrity fell below 20% 12216 | -2/Section 7 | Allies destroyed Striker 12232 | -2/Section 7 | Build established: Alien-Scout 12275 | -2/Section 7 | Found Sigix Quantum Sheargun 12276 | -2/Section 7 | Upgraded with Propulsion slot (x1) 12277 | -2/Section 7 | Found Sigix Quantum Sheargun 12349 | -2/Section 7 | Found Transdimensional Reconstructor 12350 | -2/Section 7 | Found Transdimensional Reconstructor 12355 | -2/Section 7 | Spotted Investigator 12356 | -2/Section 7 | Scanned by Researcher 12357 | -2/Section 7 | Intercept squad dispatched 12358 | -2/Section 7 | Spotted Striker 12359 | -2/Section 7 | Warped through subspace 12389 | -2/Section 7 | Spotted Tracker 12411 | -2/Section 7 | Destroyed by Tracker with Linked Autogun Last Messages --------------- 12385_ Field strength at 67. 12385_ Field strength at 34. 12386_ Field strength at 1. 12387_ Stasis field depleted. 12393_ System corrupted: Sigix Quantum Sheargun failed to cycle. 12393_ Entropy package melds with Aeration Cycler. 12393_ Imp. Linear Gravjet temporarily disabled. 12394_ Concrete disintegrates. 12394_ Concrete destabilizing. 12395_ Cld. Linear Gravjet temporarily disabled. 12396_ Imp. Linear Gravjet temporarily disabled. 12398_ Tracker suffers critical hit. 12398_ Destroyed Prototype Flight Unit. 12398_ Cld. Antigrav System temporarily disabled. 12400_ Imp. Linear Gravjet temporarily disabled. 12401_ Concrete disintegrates. 12401_ Prototype Energy Gun severed. 12407_ Quantum Shear penetrates Tracker. 12407_ Entropy package works its way towards Tracker core. 12409_ Tracker core destabilizing. Map ----- +----------------------------------------------------+ | ############### ##?#?# ##?#?#????? ?? ??#?#???? | | ###%##########"###?#?# #######?? ???? ? #?#?#?? | | ###!![ ######## #?#??##?????!"?????##??# | | ###*! = """ ######## g #?##??#???"""??????????? | | #"" ! """ ######## ##?########?##?##? ??#?# | | #"" """ ######?# #?####?????#?###?# #?#?? | | #""=== ######## #?######?#??####?#?##??? | | #S ==] """ ######## #########??##??#?#?####? | | #""==] """ # ##??#????#? ##??# | | #"" """ g #?##?###?#???#?## | | """ g# """ """ """ ###########+####? | | #"# """ gg """ """ """ ### ###?# | | ### """ "T" #### """ """ """ ### ? ?? ###?? | | ### """ """ #### ### ?#### | | ### #### """ """ ### ? ##### | | ################## """ """ ### ?#### | | ### # """ """ ### ##### | | ### # B !! ### ##### | | ### ### ! """ """ ### ###?# | | "" """"? ### """ """ #######+######### | | """ """"" # """ """ """ w | | "R """"" + "T" | | """ ? # """ """ """ | | "" """"" # """ """ """ | | ### """"" # """ """ """ ######### | | ### """"" # @s # ""## | | # ? # """ """ """ """ # ""## | | ""# # """ """ """ / " " + ""## | | ""##?########### """ """ """ """ # " "## | | ""##??######?### ]# " ## | | T############## # "" ## | | ""############## ###+############# # " ## | | ""##??####?##### # # # # " ## | | ""####?######?## # # """ # # """"## | | ##?########### # # """ + ######### | | ################ # = # """ # ######### | | #############?## # " # # # | | ##############?# # """ !# """ # # """ | | ################ # """" # """ # # """ | | ################ # """ ! # """ # # """ | | ################ ########### # # | | ?##?###?######## ########### # + | | ################ ##+#########?# ! !# # "" "" | | #### #### # ##### # + ""S"" | | #### # # """ ########### # """" | | #### """" # # """ ############+########### | | #### " # # = """ ####?## ##### | | #### " " + + ####### """ """ ##### | | #### # # """ #?##### """ """ ##### | | #### # # """ ####### """ """ ##### | +----------------------------------------------------+ Best States ------------- Heat Dissipation 67 Coolant Potential 100 Energy Generation 70 Energy Capacity 700 Matter Stores 300 Matter Capacity 300 Sight Range 17 Robot Scan Range 44 Terrain Scan Range 20 Terrain Scan Density 410 Cloak Strength 3 Armor Coverage 1200 Resistance: KI 5 Resistance: TH 5 Resistance: EM 90 Weapon Cycling 25 Phase Shifting 20 Evasion (%) 81 Targeting Accuracy 24 Core Analysis 10 Energy Filtering 50 Particle Charging 20 Stasis Canceling 2 Offensive Hacking 25 Defensive Hacking 5 Item Schematics ----------------- None Robot Schematics ------------------ None Fabricated ------------ Linear Gravjet | x2 | -6/Factory | Preloaded Exp. Cesium-ion Thruster | x1 | -5/Factory P-80 Master | x2 | -3/Testing | Preloaded Alien Tech Used ----------------- Stasis Generator Core Reset Matrix Sigix Broadsword Core Regenerator Integrity Redistributor Integrated Reactor Core Expander LRC Armor LRC Insulator Sigix Quantum Sheargun Transdimensional Reconstructor Achievements -------------- Everyone Must Die Challenges ------------ None RPGLIKE | -11 -10 -10 -10 -9 -8 -7 -7 -7 -7 -7 -7 -6 -6 -6 -6 -6 -5 -5 -5 -5 -5 -4 -4 -4 -4 -4 -4 -3 -3 -2 -2 -2 --------- Run | Scr Mat Min Exi Min Mat Fac Was Fac Low Low Dat Pro Fac Low Low Zio Pro Fac Upp Upp War Pro Fac Ext Cet Arc Hub Res Tes Res Qua Sec Levels Raised 32 | . . 1 . . 2 2 . . 1 . 1 1 3 1 . 1 1 2 1 1 1 2 1 3 . 1 . 1 1 2 1 1 XP Earned 51910 | 3000 770 925 200 1100 2950 1640 200 485 1250 850 650 1435 4176 1621 1122 650 1590 3263 1556 1272 1424 2800 2530 3049 1022 480 866 1794 1181 2218 1901 1940 XP Spent 49340 | 2950 . . . 1450 3065 . 2500 . 1700 . . . 4800 . . 500 . 8890 1750 . 1100 . 6100 4060 1600 . . . 170 5800 1100 1805 Upgrades 68 | 9 . . . 11 9 . 2 . 1 . . . 5 . . 1 . 12 1 . 1 . 2 5 1 . . . 1 2 1 4 Power Slot 1 | . . . . . . . . . . . . . . . . 1 . . . . . . . . . . . . . . . . Propulsion Slot 4 | 1 . . . . . . . . . . . . 1 . . . . . . . 1 . . . . . . . . . . 1 Utility Slot 12 | 1 . . . . 1 . 2 . 1 . . . 1 . . . . 2 . . . . 2 1 . . . . . 1 . . Weapon Slot 3 | 1 . . . . 1 . . . . . . . . . . . . . . . . . . . . . . . . . 1 . Core Integrity 13 | . . . . 10 . . . . . . . . . . . . . . . . . . . . . . . . . . . 3 Heat Dissipation 7 | . . . . . 2 . . . . . . . . . . . . 1 . . . . . 4 . . . . . . . . Energy Generation 1 | . . . . . . . . . . . . . 1 . . . . . . . . . . . . . . . . . . . Mass Support 4 | 1 . . . . . . . . . . . . 2 . . . . . . . . . . . 1 . . . . . . . Inventory Capacity 8 | 2 . . . 1 1 . . . . . . . . . . . . 2 1 . . . . . . . . . . 1 . . Sight Range 1 | . . . . . . . . . . . . . . . . . . 1 . . . . . . . . . . . . . . Sensor Range 3 | 1 . . . . 1 . . . . . . . . . . . . 1 . . . . . . . . . . . . . . Terrain Scan Density 4 | . . . . . 3 . . . . . . . . . . . . . . . . . . . . . . . 1 . . . Ranged Accuracy 1 | 1 . . . . . . . . . . . . . . . . . . . . . . . . . . . . . . . . Hack Attack % 1 | . . . . . . . . . . . . . . . . . . 1 . . . . . . . . . . . . . . Hack Defense % 1 | . . . . . . . . . . . . . . . . . . 1 . . . . . . . . . . . . . . KI Resistance % 1 | 1 . . . . . . . . . . . . . . . . . . . . . . . . . . . . . . . . TH Resistance % 1 | . . . . . . . . . . . . . . . . . . 1 . . . . . . . . . . . . . . KI Damage % 1 | . . . . . . . . . . . . . . . . . . 1 . . . . . . . . . . . . . . TH Damage % 1 | . . . . . . . . . . . . . . . . . . 1 . . . . . . . . . . . . . . Protomatter Created 2797 | . 18 . . 145 135 . 204 . 244 65 . . 7 106 95 . 96 210 72 105 -2 108 219 129 48 65 249 149 45 102 106 77 Integrity Restored 12719 | . 24 . . 687 405 . 726 . 1053 193 . . 95 318 273 . 177 798 3 557 878 348 564 1059 883 . 469 809 447 1098 171 684 Core 10576 | . 24 . . 687 405 . 726 . 623 172 . . 70 318 273 . 177 798 3 545 616 348 564 1059 373 . 182 597 447 714 171 684 Parts 2143 | . . . . . . . . . 430 21 . . 25 . . . . . . 12 262 . . . 510 . 287 212 . 384 . . Protomatter Decayed 4951 | . 10 . . 224 . . 88 . 26 12 . . 61 72 56 . . . -1 50 480 . . . 109 . 151 1065 50 2277 110 111 Game ------ Seed LinkedMobileVibroblade Manual? 0 Play Time 07:09:27 Cumulative 394.3 hours Start 2020.01.16 @ 22:48:44 End 2020.01.18 @ 22:58:18 Sessions 27 Manual Loads 0 Difficulty Rogue Special Mode Winter2019/RPGLIKE Game No. 148 Rogue 148 Adventurer 0 Explorer 0 Win Type - Total 13 Types 9/1/1/2/0/0/0 Lore% 92 Gallery% 87 Achievement% 71 Wizard Run 0 Options --------- ASCII 0 Keyboard 0 Movement Numpad Keybinds 0 Fullscreen 0 Font 14/Dina Map View 76x50 Tactical HUD 1 Map Filters NONE Filters NONE Steam 1 RUN: 378e96e8-e082-4058-b37d-ae75446e30cd